 Dungeon Crawl Stone Soup version 0.21-a0-29-g43b3074 (webtiles) character file.

924151 Laraso the Archmage (level 27, -1/133 HPs)
             Began as a Vine Stalker Ice Elementalist on May 25, 2017.
             Was the Champion of Vehumet.
             Killed by divine providence
             ... invoked by a greater mummy
              (3 damage)
             ... on level 2 of the Tomb of the Ancients on May 26, 2017.
             The game lasted 05:10:05 (86699 turns).

Laraso the Archmage (VSIE)                         Turns: 86699, Time: 05:10:06

Health: -1/133     AC: 25    Str: 11      XL:     27
Magic:  0/64       EV: 31    Int: 32      God:    Vehumet [******]
Gold:   6184       SH: 12    Dex: 10 (14) Spells: 1/80 levels left

rFire    + + .     SeeInvis +   a - +4 arc blade {discharge, rElec}
rCold    + + .     Gourm    .   d - +0 shield
rNeg     + + +     Faith    .   o - +2 robe {Archmagi}
rPois    +         Spirit   +   Y - +0 mask of the Dragon {MR+ Slay+3 SInv}
rElec    +         Reflect  .   M - +2 cloak {rPois}
rCorr    .         Harm     .   F - +3 pair of gauntlets of War {Slay+5}
MR       +++++     Clarity  +   W - +0 pair of boots of the Trombone {rF++ rC+ MP+9 Str-2}
Stlth    ++++++....             X - amulet of the Air {Inacc +Fly rElec EV+5 RMsl}
Regen    1.2/turn               i - ring "Ozuoh" {rN+++ MR++ Str-2 Dex-4 Stlth-}
MPRegen  0.4/turn               f - ring of Suspected Treachery {+Inv rC+ Str+2 Int+4 Slay+5}

@: agile, icy armour, very slightly contaminated, hasted, invisible, repel
missiles, very quick
A: fangs 3, horns 1, clarity, clever 2, clumsy 2, regeneration 2, electricity
resistance, magic shield, antimagic bite, no potion heal 3, rot immunity,
MP-powered wands
}: 7/15 runes: decaying, serpentine, slimy, silver, iron, obsidian, abyssal
a: Renounce Religion, Evoke Flight


You were on level 2 of the Tomb of the Ancients.
You worshipped Vehumet.
Vehumet was exalted by your worship.
You were very full.

You visited 16 branches of the dungeon, and saw 74 of its levels.
You visited the Abyss 2 times.
You also visited: Labyrinth, Ice Cave, Volcano and Desolation.

You collected 10631 gold pieces.
You spent 4447 gold pieces at shops.

Inventory:

Hand Weapons
 a - the +4 arc blade (weapon) {discharge, rElec}
   (You found it on level 3 of the Lair of Beasts)

   It insulates you from electricity.
Armour
 d - a +0 shield (worn)
 o - a +2 robe of the Archmagi (worn)
 F - the +3 pair of gauntlets of War (worn) {Slay+5}
   (You bought it in a shop on level 5 of the Depths)

   It affects your accuracy and damage with ranged weapons and melee attacks
   (+5).
 M - a +2 cloak of poison resistance (worn)
 W - the +0 pair of boots of the Trombone (worn) {rF++ rC+ MP+9 Str-2}
   (You found it in an ice cave)

   It affects your strength (-2).
   It greatly protects you from fire.
   It protects you from cold.
   It affects your magic capacity (+9).
 Y - the +0 mask of the Dragon (worn) {MR+ Slay+3 SInv}
   (You bought it in a shop on level 1 of the Depths)

   It affects your accuracy and damage with ranged weapons and melee attacks
   (+3).
   It affects your resistance to hostile enchantments.
   It lets you see invisible.
Magical Staves
 b - an uncursed staff of cold
Jewellery
 f - the ring of Suspected Treachery (right hand) {+Inv rC+ Str+2 Int+4 Slay+5}
   (You found it on level 3 of the Elven Halls)

   [ring of protection from cold]

   It affects your strength (+2).
   It affects your intelligence (+4).
   It affects your accuracy and damage with ranged weapons and melee attacks
   (+5).
   It protects you from cold.
   It lets you turn invisible.
 i - the ring "Ozuoh" (left hand) {rN+++ MR++ Str-2 Dex-4 Stlth-}
   (You took it off a minotaur in a labyrinth)

   [ring of loudness]

   It affects your strength (-2).
   It affects your dexterity (-4).
   It renders you almost immune to negative energy.
   It affects your resistance to hostile enchantments.
   It makes you less stealthy.
 k - an uncursed ring of magical power
 X - the amulet of the Air (around neck) {Inacc +Fly rElec EV+5 RMsl}
   (You bought it in a shop on level 2 of the Orcish Mines)

   [amulet of inaccuracy]

   It reduces the accuracy of all your attacks.
   It affects your evasion (+5).
   It insulates you from electricity.
   It lets you fly.
   It protects you from missiles.
Wands
 m - a wand of disintegration (13/24)
 G - a wand of clouds (7/9)
 T - a wand of paralysis (17/24)
Scrolls
 e - 22 scrolls of teleportation
 g - 11 scrolls of recharging
 n - 6 scrolls of fog
 q - 10 scrolls of blinking
 s - 36 scrolls of remove curse
 v - 8 scrolls of magic mapping
 z - 3 scrolls of holy word
 D - 8 scrolls of fear
 H - 9 scrolls of vulnerability
 J - 6 scrolls of identify
 N - 4 scrolls of summoning
 V - 3 scrolls of silence
Potions
 h - 37 potions of curing
 j - 3 potions of haste
 r - 2 potions of cancellation
 u - a potion of resistance
 x - 8 potions of brilliance
 A - 2 potions of berserk rage
 C - 2 potions of invisibility
 E - a potion of ambrosia
 K - 15 potions of might
 Q - 3 potions of agility
Miscellaneous
 p - a phial of floods
 w - a lamp of fire (inert)
 B - the horn of Geryon
 I - a fan of gales
 P - 2 boxes of beasts
 R - 6 phantom mirrors
 S - 3 sacks of spiders
 U - a lightning rod (1/4)
 Z - a crystal ball of energy
Comestibles
 c - 21 bread rations


   Skills:
 - Level 10.2 Fighting
 - Level 14.0 Short Blades
 * Level 18.4 Dodging
 - Level 16.8 Stealth
 - Level 15.0 Shields
 O Level 27 Spellcasting
 - Level 21.6 Conjurations
 - Level 2.0 Charms
 - Level 6.2 Summonings
 - Level 17.0 Translocations
 - Level 21.9 Ice Magic
 + Level 4.0 Air Magic
 - Level 7.5 Earth Magic
 - Level 12.6 Evocations


You had one spell level left.
You knew the following spells:

 Your Spells              Type           Power        Failure   Level  Hunger
a - Lehudib's Crystal Sp  Conj/Erth      ########..   2%          8    None
b - Glaciate              Conj/Ice       ########..   2%          9    ####...
c - Controlled Blink      Tloc           N/A          3%          8    None
d - Throw Icicle          Conj/Ice       ########     0%          4    None
e - Ozocubu's Armour      Chrm/Ice       ########     0%          3    None
f - Freezing Cloud        Conj/Ice/Air   ########..   1%          6    None
g - Spellforged Servitor  Conj/Summ      ########..   1%          7    None
h - Disjunction           Tloc           ########..   3%          8    None
i - Blink                 Tloc           N/A          0%          2    None
j - Malign Gateway        Summ/Tloc      ########..   3%          7    None
q - Apportation           Tloc           ######       0%          1    None
r - Orb of Destruction    Conj           ########..   1%          7    None
s - Swiftness             Chrm/Air       #######.     1%          2    None
v - Bolt of Cold          Conj/Ice       ########..   0%          6    None
z - Summon Butterflies    Summ           #######.     1%          1    None


Dungeon Overview and Level Annotations

Branches:
Dungeon (15/15)            Temple (1/1) D:6            Lair (6/6) D:8
  Swamp (4/4) Lair:4        Snake (4/4) Lair:2        Slime (5/5) Lair:6
    Orc (2/2) D:9             Elf (3/3) Orc:2        Vaults (5/5) D:14
  Crypt (3/3) Vaults:3       Tomb (2/3) Crypt:3      Depths (5/5) D:15
   Hell (1/1)                 Dis (7/7) Hell            Geh (7/7) Hell
    Coc (0/7) Hell            Tar (0/7) Hell            Zot (4/5) Depths:5

Altars:
Ashenzari
Cheibriados
Dithmenos
Elyvilon
Fedhas
Gozag
Hepliaklqana
Kikubaaqudgha
Makhleb
Okawaru
Qazlal
Ru
Sif Muna
Trog
Uskayaw
Vehumet
Wu Jian
Xom
Yredelemnul
Zin
The Shining One
Beogh
Jiyva

Shops:
D:4 *   Orc:1 (%   Orc:2 :*[(   Snake:1 ?   Snake:2 (*=   Vaults:2 ?
Vaults:3 *   Zot:1 *   Depths:1 **   Depths:5 [

Portals:
Hell: Depths:1 Depths:2 Depths:3 Depths:4 Depths:5
Abyss: Depths:2 Depths:4
Pandemonium: Depths:3
Ziggurat: Depths:1
Trove: D:15 (give 4 potions of resistance)

Annotations:
Elf:2 3 runed doors


Innate Abilities, Weirdness & Mutations

You have razor-sharp teeth.
You heal very quickly.
When hurt, damage is shared between your health and your magic reserves.
Your bite disrupts and absorbs the magic of your enemies.
Potions cannot restore your health.
You are immune to rotting.
You have a pair of small horns on your head.
You possess an exceptional clarity of mind.
Your mind is very acute. (Int +4)
You are very clumsy. (Dex -4)
You are resistant to electric shocks. (rElec)
You expend magic power (3 MP) to strengthen your wands.


Message History

Unknown command.
Unknown command.
The soul eater barely misses you.
Your ettin skeleton hits the soul eater but does no damage.
Your ettin skeleton hits the soul eater!
Your ushabti barely misses the reaper.
The reaper hits you with a vampiric scythe.
* * * LOW MAGIC WARNING * * *;
* * * LOW HITPOINT WARNING * * *
The skeletal warrior completely misses you.
You take 1 damage, and have 4/133 hp.
You regained 2 mp, and now have 9/64 mp.
Unknown command.
Unknown command.
You feel less invigorated.
You feel yourself speed up.
You feel less confused.
The soul eater hits your ettin skeleton!
Your ettin skeleton hits the soul eater!
Your ettin skeleton barely misses the soul eater.
Your ushabti hits the reaper!
You block the skeletal warrior's attack.
The reaper completely misses you.
You regained 5 mp, and now have 14/64 mp.
Unknown command.
Unknown command.
Okay, then.
You gaze into the crystal ball.
You are suffused with power!
The mummy priest is no longer dazed.
The soul eater hits your ettin skeleton!!
The greater mummy gestures wildly while chanting.
You regained 15 mp, and now have 29/64 mp.
Unknown command.
Aim the lamp in which direction?
Aim: a mana viper (summoned)
The trail of fire hits the soul eater.
The trail of fire hits the skeletal warrior.
The trail of fire hits the freezing wraith.
The freezing wraith is burned terribly!
The trail of fire misses the hungry ghost.
The trail of fire hits the freezing wraith.
The freezing wraith is burned terribly!
You destroy the freezing wraith!
The trail of fire misses the skeletal warrior.
The trail of fire hits the soul eater.
The soul eater appears unharmed.
The mana viper disappears in a puff of smoke!
The skeletal warrior is engulfed in blazing flames.
Your ettin skeleton hits the soul eater but does no damage.
Your ettin skeleton hits the soul eater!
The soul eater dies!
Your ushabti hits the reaper but does no damage.
The skeletal warrior barely misses you.
The hungry ghost is engulfed in blazing flames.
The mummy priest prays to its god.
Aim: a necrophage (hasn't noticed you, summoned)
You create a blast of poison gas!
This wand has 7 charges left.
The reaper hits you with a vampiric scythe!!
* * * LOW MAGIC WARNING * * *;
* * * LOW HITPOINT WARNING * * *
The greater mummy casts a spell at you. Something smites you!
* * * LOW MAGIC WARNING * * *
You die...

###############
#8@§§zW§§§.....
#2ZznzWWS§.....
#..###MS§§.....
#..# #.MnV.........
#.(# #.....z.......
#..# #.......W...8.
#... ......MnW.....
#.................3
...z..#.........


You could see a greater mummy, a reaper, a mummy priest, 2 skeletal warriors, a
jiangshi, 2 flayed ghosts, 2 mana vipers, a hungry ghost, 2 necrophages, a
wight, a friendly ushabti and a friendly ettin skeleton.

Vanquished Creatures
  Asmodeus (Geh:7)
  the Royal Jelly (Slime:5)
  the Serpent of Hell (Dis:7)
  Dispater (Dis:7)
  3 ancient liches
  Mennas (Depths:5)
  An orb of fire (Zot:2)
  A juggernaut (Depths:4)
  Sojobo (Vaults:2)
  A greater mummy (Tomb:1)
  Boris (Crypt:2)
  Margery (Depths:5)
  A Killer Klown (Zot:1)
  Bai Suzhen (Depths:2)
  4 curse toes
  6 golden dragons
  Saint Roka (Depths:5)
  4 caustic shrikes (Depths:5)
  Nikola (Vaults:3)
  6 bone dragons
  2 Tzitzimimeh
  Jorgrun (Vaults:5)
  2 electric golems
  7 iron giants
  6 liches
  18 Brimstone Fiends
  13 tentacled monstrosities
  8 Hell Sentinels
  3 deep elf blademasters (Elf:3)
  Asterion (Elf:1)
  5 Ice Fiends (Dis:7)
  4 deep elf master archers (Elf:3)
  13 tentacled starspawn
  11 quicksilver dragons
  6 Executioners
  8 titans
  2 eldritch tentacles
  21 acid blobs
  3 death cobs
  5 tengu reavers
  26 ancient champions
  8 sphinxes
  A thorn hunter (Swamp:2)
  8 shadow dragons
  Kirke (Lair:5)
  11 revenants
  11 storm dragons
  3 draconian monks
  13 azure jellies
  15 frost giants
  19 vault wardens
  4 deep elf sorcerers (Elf:3)
  13 fire giants
  6 nagarajas
  15 balrugs
  10 ghouls
  5 iron dragons
  5 draconian knights
  3 ghost moths
  4 draconian stormcallers
  A draconian shifter (Zot:4)
  6 cacodemons
  A curse skull (Crypt:3)
  6 draconian annihilators
  3 spriggan defenders
  4 deep elf elementalists
  41 reapers
  20 ironheart preservers
  15 war gargoyles
  28 stone giants
  34 very ugly things
  9 green draconians
  14 vampire knights
  Nessos (Lair:4)
  5 black draconians
  An entropy weaver (Vaults:4)
  6 deep elf demonologists
  5 lorocyprocas
  6 yellow draconians
  A halazid warlock (Desolation)
  4 deep elf annihilators
  12 red draconians
  2 bennus (Tomb:1)
  5 purple draconians
  3 white draconians
  A spark wasp (Depths:2)
  Snorg (D:11)
  5 blizzard demons
  22 ettins
  8 jiangshi
  5 eidola
  Josephine (D:15)
  2 crystal guardians (Abyss:4)
  A minotaur (Lab)
  A ragged hierophant (Desolation)
  10 fire dragons
  9 deep elf death magi
  5 green deaths
  3 quicksilver dragon zombies
  2 great orbs of eyes (shapeshifter) (Abyss:4)
  6 death oozes
  12 mummy priests
  A merfolk impaler (Depths:3)
  5 deep elf high priests
  19 yaktaur captains
  Erolcha (D:13)
  7 rakshasas
  30 vault guards
  16 ice dragons
  3 spriggan air magi
  13 great orbs of eyes
  12 centaur warriors
  3 ghost crabs (Swamp:3)
  2 quicksilver dragon skeletons
  9 naga warriors
  A hell beast (Dis:1)
  12 hydras
  4 anacondas
  5 alligators
  4 death knights
  2 death yaks (Lair:6)
  10 death scarabs (Tomb:1)
  4 tengu warriors
  2 anacondas (shapeshifter)
  6 deep troll shamans
  27 two-headed ogres
  29 thrashing horrors
  14 dancing weapons
  32 hell hogs
  6 titan zombies
  9 deep troll earth magi
  14 ogre magi
  A two-headed ogre (shapeshifter) (Depths:3)
  6 vampire magi
  4 orc high priests (Orc:2)
  10 shock serpents
  3 spriggan berserkers
  13 deep elf knights
  5 storm dragon zombies
  16 wretched stars
  15 naga sharpshooters
  7 spriggans
  17 sun demons
  4 sixfirhies (Abyss:4)
  Sonja (D:13)
  Urug (D:13)
  An iron troll (Depths:5)
  7 soul eaters
  51 hell knights
  7 iron golems
  5 titan skeletons
  3 spatial maelstroms (Abyss:4)
  A salamander mystic (Volcano)
  5 shadow wraiths
  82 skeletal warriors
  5 golden dragon zombies
  5 anaconda zombies
  A glowing orange brain (shapeshifter) (Depths:2)
  7 swamp dragons
  3 spriggan druids
  16 flayed ghosts
  5 shadow dragon zombies
  23 deep trolls
  3 storm dragon skeletons
  2 naga ritualists
  A sea snake (Abyss:4)
  3 swamp dragons (shapeshifter)
  2 shadow demons
  2 ghost moth zombies
  7 glowing orange brains
  4 golden dragon skeletons
  15 unseen horrors
  4 wolf spider zombies
  2 anaconda skeletons (Geh:7)
  9 deep elf archers
  11 harpies
  20 ironbrand convokers
  2 lindwurms (Lair:6)
  35 large abominations
  3 shambling mangroves
  12 orc knights
  13 wizards
  3 ball lightnings
  23 necromancers
  11 fire giant zombies
  4 mana vipers
  17 phantasmal warriors
  3 wolf spiders
  2 shining eyes
  56 ugly things
  13 salamanders
  A cyclops (D:15)
  32 deep elf magi
  5 iron dragon zombies
  A faun (shapeshifter) (D:9)
  8 stone giant zombies
  5 frost giant zombies
  2 oklob plants
  2 manticores
  9 orc sorcerers
  5 worldbinders
  A cyclops (shapeshifter) (Depths:5)
  2 iron dragon skeletons
  2 guardian serpents (shapeshifter)
  2 elephants (shapeshifter)
  7 elephants
  31 black mambas
  3 stone giant skeletons
  A moth of wrath (shapeshifter) (Depths:2)
  20 moths of wrath
  2 shock serpent zombies
  7 fire giant skeletons
  4 eyes of devastation
  5 dire elephant zombies
  49 rust devils
  14 vault sentinels
  5 frost giant skeletons
  3 apocalypse crabs (Abyss:4)
  8 molten gargoyles (Geh:7)
  4 black mambas (shapeshifter)
  7 guardian serpents
  Maurice (Orc:2)
  An ice statue (Hell)
  4 elf skeletons
  11 spiny frogs
  13 smoke demons
  2 dire elephant skeletons
  33 hellions
  A rime drake (shapeshifter) (D:13)
  2 orange demons (Abyss:4)
  3 catoblepas zombies
  A gargoyle (D:14)
  A shock serpent skeleton (Geh:7)
  A kobold demonologist (D:13)
  6 naga magi
  2 rime drakes
  A spark wasp simulacrum (Depths:2)
  19 freezing wraiths
  A death yak zombie (Crypt:1)
  4 emperor scorpion zombies
  A yaktaur (shapeshifter) (Elf:1)
  42 yaktaurs
  An anaconda simulacrum (IceCv)
  A komodo dragon (shapeshifter) (Vaults:1)
  A white draconian zombie (Crypt:2)
  8 komodo dragons
  42 tormentors
  4 demonic crawlers
  25 ice devils
  A hellwing (Abyss:1)
  6 efreet
  24 guardian mummies
  3 hydra zombies
  A white draconian skeleton (Crypt:2)
  12 ancient zymes
  43 red devils
  A golden dragon simulacrum (IceCv)
  2 pale draconian skeletons
  6 trolls
  8 harpy zombies
  3 polar bears
  A troll (shapeshifter) (Vaults:1)
  A harpy skeleton (Dis:1)
  2 tengu conjurers
  A jumping spider (shapeshifter) (D:15)
  3 minotaur zombies
  A wolf spider simulacrum (IceCv)
  A blink frog (shapeshifter) (D:15)
  A hornet (shapeshifter) (Vaults:2)
  105 slime creatures
  3 hydra skeletons
  Prince Ribbit (D:5)
  37 blink frogs
  9 bog bodies
  6 ice dragon zombies
  7 hippogriffs
  5 tyrant leeches
  22 hornets
  2 fire giant simulacra
  A tengu simulacrum (Vaults:2)
  A snapping turtle (Abyss:4)
  A frost giant simulacrum (Vaults:1)
  7 dream sheep
  10 saltlings (Desolation)
  16 raiju
  A dream sheep (shapeshifter) (Elf:3)
  6 fire dragon zombies
  A hippogriff (shapeshifter) (Vaults:1)
  3 air elementals
  A tarantella (Vaults:4)
  3 alligator zombies
  47 starcursed masses
  19 water elementals
  Sigmund (D:3)
  A black mamba zombie (Dis:7)
  10 ettin skeletons
  61 flying skulls
  3 ice dragon skeletons
  A redback (shapeshifter) (Vaults:5)
  2 ettin zombies
  17 shadows
  2 fire dragon skeletons (Geh:2)
  6 ynoxinuls
  2 dire elephant simulacra (IceCv)
  A spriggan skeleton (Depths:2)
  40 wraiths
  2 hogs (shapeshifter)
  3 basilisks
  7 wyverns
  3 ushabtiu
  A wind drake zombie (Crypt:3)
  34 fire elementals
  2 hogs (Lair:5)
  3 fire bats (Geh:1)
  6 golden eyes
  21 yaks
  A tyrant leech zombie (Crypt:2)
  2 steam dragons (Lair:6)
  6 chaos spawn (Abyss:4)
  10 neqoxecs
  A basilisk (shapeshifter) (Elf:3)
  2 death yak simulacra (IceCv)
  A wind drake skeleton (Crypt:1)
  2 hungry ghosts
  7 spatial vortices (Abyss:4)
  20 vampire mosquitoes
  12 insubstantial wisps
  A harpy simulacrum (IceCv)
  56 nagas
  9 wargs
  8 acid dragons
  17 swamp worms
  6 hydra simulacra
  2 soldier ants
  4 spiny frog zombies
  9 water moccasins
  A deep troll skeleton (Crypt:3)
  A floating eye (shapeshifter) (Vaults:4)
  10 porcupines
  A floating eye (Depths:3)
  90 hell hounds
  2 iron troll simulacra (IceCv)
  44 orc warriors
  18 swamp drakes
  7 ice beasts
  4 snapping turtle zombies
  8 sky beasts
  A black bear (shapeshifter) (Depths:1)
  A black bear (D:6)
  A fire dragon simulacrum (Abyss:4)
  12 eyes of draining
  3 swamp dragon zombies
  An ettin simulacrum (IceCv)
  10 phantoms
  17 necrophages
  2 manticore zombies
  28 ogres
  21 boggarts
  A manticore skeleton (Geh:7)
  8 wolves
  18 centaurs
  14 crocodiles
  2 snapping turtle skeletons
  2 elf zombies (Elf:1)
  3 big kobolds (D:13)
  14 bullfrogs
  31 small abominations
  2 earth elementals (Abyss:4)
  A water moccasin zombie (Crypt:3)
  3 wyvern skeletons
  A raiju zombie (Crypt:1)
  5 scorpions
  A spriggan zombie (Geh:5)
  5 killer bees
  50 wights
  6 electric eels
  A yak skeleton (Crypt:2)
  16 crimson imps
  A draconian simulacrum (IceCv)
  8 howler monkeys
  A bullfrog zombie (D:12)
  A centaur zombie (Hell)
  A human zombie (Geh:2)
  3 quasits
  4 bullfrog skeletons
  6 centaur skeletons
  4 hounds
  2 human simulacra
  18 orc priests
  5 jellies
  Crazy Yiuf (D:6)
  A gnoll shaman (D:9)
  40 iron imps
  30 orc wizards
  A demonspawn skeleton (Crypt:3)
  A human skeleton (Crypt:2)
  9 worker ants
  9 iguanas
  8 hell rats
  Natasha (thrice) (D:3)
  A spriggan simulacrum (IceCv)
  2 troll simulacra (IceCv)
  A wolf simulacrum (IceCv)
  An ogre zombie (Dis:5)
  A tengu zombie (Dis:5)
  A centaur simulacrum (IceCv)
  A deep dwarf skeleton (Crypt:3)
  A demigod skeleton (Crypt:2)
  An ogre skeleton (Geh:6)
  A crocodile skeleton (Crypt:2)
  A hound skeleton (D:9)
  2 worker ant zombies
  Robin (D:3)
  19 mummies
  8 gnolls
  3 ogre simulacra (IceCv)
  4 river rats (Lair:6)
  A steam dragon zombie (Crypt:2)
  12 adders
  4 naga simulacra (IceCv)
  4 shadow imps
  4 white imps
  3 ufetubi
  2 oozes
  A lava snake zombie (Crypt:3)
  A halfling skeleton (Crypt:1)
  3 worms
  A dart slug (shapeshifter) (Depths:3)
  A dart slug (D:1)
  7 leopard geckos
  97 orcs
  7 giant cockroaches
  A gnoll zombie (Crypt:2)
  18 goblins
  11 hobgoblins
  3 jackals (D:10)
  14 kobolds
  10 quokkas
  A ball python zombie (Crypt:1)
  9 bats
  4 frilled lizards
  A leopard gecko skeleton (Crypt:3)
  15 rats
  34 blocks of ice
  6 fungi
  2 lurking horrors (Abyss:4)
  8 plants
  8 starspawn tentacles
3884 creatures vanquished.

Vanquished Creatures (collateral kills)
  2 greater mummies (Tomb:2)
  Geryon (Hell)
  Vashnia (Snake:4)
  A golden dragon (Zot:4)
  A tentacled monstrosity (Zot:1)
  2 Brimstone Fiends
  A deep elf blademaster (Elf:3)
  A sphinx (Depths:3)
  A death cob (Zot:4)
  A thorn hunter (Swamp:3)
  A nagaraja (Snake:4)
  A fire giant (Depths:2)
  A vault warden (Vaults:2)
  A deep elf sorcerer (Elf:3)
  Louise (D:15)
  An orc warlord (Orc:2)
  A deep elf elementalist (Elf:3)
  Aizul (Swamp:3)
  2 ironheart preservers (Vaults:4)
  2 very ugly things
  A vampire knight (Vaults:3)
  A halazid warlock (Desolation)
  3 mummy priests (Tomb:1)
  3 ragged hierophants (Desolation)
  A rakshasa (Depths:3)
  10 hydras
  2 ice dragons
  3 naga warriors (Snake:4)
  An anaconda (Snake:2)
  A centaur warrior (Vaults:2)
  A dancing weapon (Elf:3)
  A deep troll earth mage (Vaults:2)
  2 two-headed ogres
  A death yak (Lair:6)
  A hell hog (Geh:3)
  5 naga sharpshooters
  A spriggan berserker (Depths:3)
  2 hell knights (Geh:3)
  A salamander mystic (Snake:4)
  A flayed ghost (Geh:3)
  5 deep trolls
  2 skeletal warriors
  2 shambling mangroves
  3 naga ritualists (Snake:4)
  An orange crystal statue (Depths:1)
  3 orc knights
  3 swamp dragons (Swamp:4)
  An ironbrand convoker (Vaults:2)
  A necromancer (Geh:3)
  A mana viper (Snake:4)
  A deep elf archer (Vaults:4)
  2 deep elf magi
  A mana viper (shapeshifter) (Vaults:2)
  3 ugly things (D:14)
  A cyclops (Vaults:2)
  A salamander (Snake:2)
  3 black mambas
  An ice statue (IceCv)
  10 naga magi
  A vault sentinel (Vaults:1)
  A rime drake (Lair:6)
  A komodo dragon (Lair:5)
  An ice devil (Dis:7)
  3 freezing wraiths
  5 yaktaurs
  A guardian mummy (Tomb:2)
  2 anaconda simulacra (IceCv)
  6 hornets
  A bog body (Swamp:1)
  2 saltlings (Desolation)
  2 hippogriffs
  2 slime creatures (Swamp:4)
  A water elemental (Depths:3)
  2 yaks (Lair:2)
  4 vampire mosquitoes
  7 insubstantial wisps (Swamp:1)
  15 nagas
  Edmund (D:5)
  A spatial vortex (Dis:7)
  A swamp worm (Swamp:1)
  3 swamp drakes
  4 orc warriors
  2 necrophages
  3 ogres
  A crocodile (D:11)
  13 killer bees
  An iron imp (Dis:7)
  An orc priest (D:7)
  An orc wizard (D:8)
  2 iguanas
  A troll simulacrum (IceCv)
  A centaur simulacrum (IceCv)
  2 gnolls (D:9)
  An ogre simulacrum (IceCv)
  3 white imps (IceCv)
  An ufetubus (IceCv)
  5 orcs
  2 jackals (D:11)
  A jackal zombie (D:9)
219 creatures vanquished.

Vanquished Creatures (others)
  4 eldritch tentacles
  A sphinx (Vaults:3)
  A fire giant (Depths:1)
  A hell hog (Geh:7)
  A deep elf knight (Elf:3)
  A storm dragon skeleton (Geh:7)
  506 ball lightnings
  An ironbrand convoker (Vaults:3)
  A deep elf mage (Vaults:3)
  A spiny frog (Swamp:2)
  An ice devil (Dis:1)
  A saltling (Desolation)
  A harpy skeleton (Geh:7)
  An ice dragon zombie (Geh:4)
  5 flying skulls
  A wraith (Dis:5)
  A human (Lair:6)
  A naga (Snake:4)
  2 orc warriors (Vaults:1)
  An alligator simulacrum (Hell)
  A necrophage (Geh:7)
  A snapping turtle skeleton (Geh:7)
  2 wights
  A hound (D:7)
  A mummy (Tomb:2)
  4 white imps
  4 ufetubi (IceCv)
  A leopard gecko (D:7)
  240 blocks of ice
  5 fungi
  2 lurking horrors (Abyss:4)
  27 plants
  33 starspawn tentacles
855 creatures vanquished.

Grand Total: 4958 creatures vanquished

Notes
Turn   | Place    | Note
-------+----------+-------------------------------------------
     0 | D:1      | Laraso the Vine Stalker Ice Elementalist began the quest for the Orb.
     0 | D:1      | Reached XP level 1. HP: 9/9 MP: 4/4
   110 | D:1      | HP: 3/9 [leopard gecko (3)]
   128 | D:1      | Reached XP level 2. HP: 5/13 MP: 0/6
   467 | D:1      | Learned a level 2 spell: Throw Frost
   501 | D:1      | Reached skill level 4 in Ice Magic
   659 | D:1      | Reached XP level 3. HP: 16/16 MP: 2/7
   932 | D:1      | You fall through a shaft!
  1178 | D:2      | Reached skill level 2 in Conjurations
  1267 | D:2      | Found an iron altar of Okawaru.
  1270 | D:2      | Found an ancient bone altar of Kikubaaqudgha.
  1270 | D:2      | Found a shattered altar of Ashenzari.
  1507 | D:2      | Found a basalt altar of Yredelemnul.
  1605 | D:3      | Learned a level 3 spell: Ozocubu's Armour
  1738 | D:3      | Gained mutation: Your natural rate of healing is unusually fast. [Vine Stalker growth]
  1738 | D:3      | Reached XP level 4. HP: 17/21 MP: 3/8
  1943 | D:3      | Noticed Natasha
  1946 | D:3      | Killed Natasha
  1946 | D:3      | Reached skill level 3 in Conjurations
  2135 | D:3      | Noticed Robin
  2170 | D:3      | Killed Robin
  2170 | D:3      | Reached XP level 5. HP: 19/24 MP: 4/9
  2275 | D:3      | Reached skill level 4 in Conjurations
  2312 | D:3      | Noticed Sigmund
  2333 | D:3      | Killed Sigmund
  2333 | D:3      | Reached skill level 4 in Spellcasting
  2333 | D:3      | Reached XP level 6. HP: 19/28 MP: 1/13
  2373 | D:3      | Learned a level 4 spell: Throw Icicle
  2375 | D:3      | Noticed Natasha
  2391 | D:3      | Killed Natasha
  2450 | D:3      | Noticed Natasha
  2479 | D:3      | Killed Natasha
  2835 | D:4      | Reached skill level 5 in Spellcasting
  2843 | D:4      | Learned a level 4 spell: Summon Ice Beast
  2923 | D:4      | Found Etuth's Assorted Antiques.
  2938 | D:4      | Bought a scroll of identify for 42 gold pieces
  3008 | D:4      | Reached XP level 7. HP: 24/32 MP: 11/16
  3202 | D:4      | Reached skill level 6 in Spellcasting
  3563 | D:4      | Reached skill level 1 in Charms
  3563 | D:4      | Reached skill level 1 in Summonings
  3967 | D:5      | Entered Level 5 of the Dungeon
  4065 | D:5      | Reached skill level 2 in Charms
  4065 | D:5      | Reached skill level 2 in Summonings
  4086 | D:5      | Found an opulent altar of Gozag.
  4346 | D:5      | Noticed Edmund
  4353 | D:5      | Killed Edmund
  4353 | D:5      | Gained mutation: You have razor-sharp teeth. [Vine Stalker growth]
  4353 | D:5      | Reached XP level 8. HP: 36/36 MP: 2/18
  4469 | D:5      | Noticed Prince Ribbit
  4479 | D:5      | Killed Prince Ribbit
  4479 | D:5      | Reached skill level 5 in Conjurations
  4479 | D:5      | Reached skill level 5 in Ice Magic
  5265 | D:6      | Found a staircase to the Ecumenical Temple.
  5274 | D:6      | Learned a level 3 spell: Regeneration
  5289 | Temple   | Entered the Ecumenical Temple
  5382 | Temple   | Became a worshipper of Vehumet
  5655 | D:6      | Reached skill level 6 in Conjurations
  5655 | D:6      | Reached skill level 6 in Ice Magic
  5874 | D:6      | HP: 11/36 [orc priest/divine providence (15)]
  6040 | D:5      | Reached skill level 1 in Short Blades
  6251 | D:6      | Found a hazy altar of Hepliaklqana.
  6312 | D:6      | Reached skill level 2 in Short Blades
  6411 | D:6      | Reached skill level 3 in Short Blades
  6503 | D:6      | Reached XP level 9. HP: 34/39 MP: 8/19
  6823 | D:6      | Found a runed door.
  6827 | D:6      | Noticed Crazy Yiuf
  6829 | D:6      | Killed Crazy Yiuf
  6936 | D:7      | Reached skill level 4 in Short Blades
  7156 | D:7      | Reached skill level 5 in Short Blades
  7236 | D:7      | Found a sacrificial altar of Ru.
  7279 | D:7      | Found a shimmering altar of Xom.
  7453 | D:7      | Reached * piety under Vehumet
  7453 | D:7      | Offered knowledge of Magic Dart by Vehumet.
  7530 | D:7      | Reached skill level 7 in Ice Magic
  7590 | D:7      | Reached skill level 7 in Conjurations
  7628 | D:7      | Gained mutation: You are clumsy. (Dex -2) [potion of mutation]
  7628 | D:7      | Gained mutation: You evolve. [potion of mutation]
  7628 | D:7      | Gained mutation: Your mind is acute. (Int +2) [potion of mutation]
  8037 | D:7      | Found a burning altar of Makhleb.
  8167 | D:8      | Found a staircase to the Lair.
  8347 | D:8      | Reached XP level 10. HP: 28/44 MP: 6/20
  8486 | D:8      | Reached skill level 8 in Conjurations
  8566 | D:8      | Reached skill level 8 in Ice Magic
  8580 | D:8      | Noticed a two-headed ogre
  8589 | D:8      | Noticed a two-headed ogre
  8591 | D:8      | Killed a two-headed ogre
  8605 | D:8      | Killed a two-headed ogre
  8751 | D:8      | Lost mutation: You are clumsy. (Dex -2) [evolution]
  8801 | D:8      | Found a snail-covered altar of Cheibriados.
  9047 | D:9      | Reached skill level 9 in Conjurations
  9166 | D:9      | Reached skill level 9 in Ice Magic
  9273 | D:9      | Reached ** piety under Vehumet
  9273 | D:9      | Offered knowledge of Searing Ray by Vehumet.
  9480 | D:9      | Noticed a faun
  9484 | D:9      | Killed a faun
  9484 | D:9      | Reached skill level 7 in Spellcasting
  9662 | D:9      | Found a glowing golden altar of the Shining One.
  9716 | D:9      | Reached skill level 8 in Spellcasting
  9878 | D:9      | Found a deep blue altar of Sif Muna.
  9931 | D:9      | Found a roughly hewn altar of Beogh.
  9931 | D:9      | Found a staircase to the Orcish Mines.
 10186 | D:9      | Offered knowledge of Static Discharge by Vehumet.
 10210 | D:9      | Learned a level 6 spell: Freezing Cloud
 10382 | D:9      | Reached skill level 1 in Air Magic
 10382 | D:9      | Reached XP level 11. HP: 47/47 MP: 24/24
 10414 | D:9      | Reached skill level 2 in Air Magic
 10449 | D:9      | Reached *** piety under Vehumet
 10469 | D:10     | Entered Level 10 of the Dungeon
 10585 | D:10     | Reached skill level 3 in Air Magic
 10709 | D:10     | Killed an unseen horror
 11239 | D:11     | Learned a level 2 spell: Swiftness
 11255 | D:11     | Noticed a two-headed ogre
 11260 | D:11     | Killed a two-headed ogre
 11361 | D:11     | Noticed a red ugly thing
 11371 | D:11     | Killed a red ugly thing
 11371 | D:11     | Reached skill level 10 in Conjurations
 11371 | D:11     | Reached skill level 10 in Ice Magic
 11509 | D:11     | Reached skill level 9 in Spellcasting
 11558 | D:11     | Offered knowledge of Stone Arrow by Vehumet.
 11630 | D:11     | Noticed Snorg
 11646 | D:11     | Killed Snorg
 11836 | D:11     | Reached skill level 10 in Spellcasting
 12124 | D:11     | Reached **** piety under Vehumet
 12446 | D:12     | Offered knowledge of Yara's Violent Unravelling by Vehumet.
 12535 | D:12     | Found a labyrinth entrance.
 12536 | D:12     | Noticed a two-headed ogre
 12548 | D:12     | Killed a two-headed ogre
 12557 | Lab      | Entered a labyrinth
 12630 | Lab      | Gained mutation: You heal very quickly. [Vine Stalker growth]
 12630 | Lab      | Reached XP level 12. HP: 51/51 MP: 21/27
 12803 | Lab      | Noticed a minotaur
 12812 | Lab      | HP: 20/51 [minotaur/staff of wizardry (4)]
 12838 | Lab      | Killed a minotaur
 12838 | Lab      | Reached skill level 11 in Spellcasting
 12842 | Lab      | Got a serpentine amber ring
 12846 | Lab      | Identified the ring "Ozuoh" {rN+++ MR++ Str-2 Dex-4 Stlth-} (You took it off a minotaur in a labyrinth)
 13220 | D:12     | Noticed a two-headed ogre
 13223 | D:12     | Killed a two-headed ogre
 13585 | D:12     | Reached skill level 12 in Spellcasting
 13592 | D:12     | Reached skill level 2 in Dodging
 13861 | D:12     | Reached skill level 3 in Dodging
 14558 | Lair:1   | Entered Level 1 of the Lair of Beasts
 14669 | Lair:1   | Gained mutation: You have a pair of small horns on your head. [evolution]
 14732 | Lair:1   | Reached skill level 4 in Dodging
 14926 | Lair:1   | Reached skill level 5 in Dodging
 15589 | Lair:2   | Reached skill level 6 in Dodging
 15595 | Lair:2   | Reached ***** piety under Vehumet
 15650 | Lair:2   | Noticed a five-headed hydra
 15655 | Lair:2   | Killed a five-headed hydra
 15655 | Lair:2   | Offered knowledge of Spellforged Servitor by Vehumet.
 15655 | Lair:2   | Reached skill level 7 in Dodging
 15729 | Lair:2   | Learned a level 7 spell: Spellforged Servitor
 15937 | Lair:2   | Reached XP level 13. HP: 55/55 MP: 30/30
 15957 | Lair:2   | Found a staircase to the Snake Pit.
 16094 | Lair:2   | Reached skill level 8 in Dodging
 16800 | Lair:3   | Reached skill level 9 in Dodging
 16992 | Lair:3   | Found a dark tunnel.
 16997 | Volcano  | Entered a volcano
 17175 | Volcano  | Noticed a red draconian
 17184 | Volcano  | Killed a red draconian
 17205 | Volcano  | Gained mutation: You expend magic power (3 MP) to strengthen your wands. [evolution]
 17642 | Lair:3   | Reached skill level 10 in Dodging
 18130 | Lair:4   | Found a staircase to the Swamp.
 18191 | Lair:4   | Noticed Nessos
 18203 | Lair:4   | Killed Nessos
 18395 | Lair:4   | Reached skill level 6 in Short Blades
 18467 | Lair:4   | Offered knowledge of Sticky Flame by Vehumet.
 18768 | Lair:4   | Reached skill level 7 in Short Blades
 19242 | Lair:5   | Reached XP level 14. HP: 59/59 MP: 31/31
 19250 | Lair:5   | Reached skill level 8 in Short Blades
 19579 | Lair:5   | Noticed Kirke
 19593 | Lair:5   | Killed Kirke
 19593 | Lair:5   | Reached skill level 9 in Short Blades
 20404 | Lair:5   | Got an ichor-stained demon whip
 20405 | Lair:5   | Identified the cursed +1 demon whip of Omyppeyz {vamp, *Rage rElec Str+5} (You found it on level 5 of the Lair of Beasts)
 20454 | Lair:6   | Entered Level 6 of the Lair of Beasts
 20874 | Lair:6   | Reached skill level 10 in Short Blades
 21332 | Lair:6   | Found a viscous altar of Jiyva.
 21332 | Lair:6   | Found a staircase to the Slime Pits.
 21386 | Lair:6   | Reached skill level 11 in Short Blades
 21401 | Lair:6   | HP: 16/59 [death yak (12)]
 21405 | Lair:6   | HP: 6/59 [rime drake/flash freeze (14)]
 21858 | Lair:6   | Offered knowledge of Bolt of Draining by Vehumet.
 22095 | Lair:6   | Reached skill level 12 in Short Blades
 22128 | Lair:6   | Gained mutation: You are resistant to electric shocks. (rElec) [evolution]
 22849 | D:13     | Noticed Erolcha
 22869 | D:13     | Killed Erolcha
 23069 | D:13     | Reached XP level 15. HP: 63/63 MP: 32/32
 23133 | D:13     | Noticed Sonja
 23144 | D:13     | Killed Sonja
 23228 | D:13     | Noticed Urug
 23234 | D:13     | Killed Urug
 23730 | D:14     | Reached skill level 13 in Short Blades
 23884 | D:14     | Offered knowledge of Bolt of Fire by Vehumet.
 23913 | D:14     | Learned a level 6 spell: Bolt of Fire
 24234 | D:14     | Found a gate to the Vaults.
 24454 | D:15     | Entered Level 15 of the Dungeon
 24462 | D:15     | Reached skill level 14 in Short Blades
 24463 | D:15     | Found a portal to a secret trove of treasure.
 24851 | D:15     | Reached skill level 3 in Summonings
 24905 | D:15     | Reached skill level 4 in Summonings
 24967 | D:15     | Noticed Louise
 24983 | D:15     | Killed Louise
 25146 | D:15     | Found a shattered altar of Ashenzari.
 25158 | D:15     | Noticed Josephine
 25164 | D:15     | Killed Josephine
 25164 | D:15     | Reached skill level 5 in Summonings
 25615 | D:15     | Reached skill level 6 in Summonings
 26039 | D:15     | Found a staircase to the Depths.
 26142 | D:15     | HP: 24/63 [cloud of freezing vapour (10)]
 26508 | D:15     | Paralysed by a hornet for 1 turns
 26969 | Orc:1    | Entered Level 1 of the Orcish Mines
 26970 | Orc:1    | Offered knowledge of Orb of Destruction by Vehumet.
 27002 | Orc:1    | Found Miggiut's Food Boutique.
 27159 | Orc:2    | Entered Level 2 of the Orcish Mines
 27159 | Orc:2    | Noticed Maurice
 27165 | Orc:2    | Noticed an orc warlord
 27169 | Orc:2    | Killed Maurice
 27181 | Orc:2    | Killed an orc warlord
 27184 | Orc:2    | Gained mutation: Your body sometimes deteriorates upon taking damage. [a neqoxec]
 27324 | Orc:2    | Reached XP level 16. HP: 60/67 MP: 21/33
 27359 | Orc:2    | Found a staircase to the Elven Halls.
 27373 | Orc:2    | Learned a level 7 spell: Orb of Destruction
 27416 | Orc:2    | Found Ziqafeux's Antique Armour Boutique.
 27427 | Orc:2    | Found Tauves's Book Boutique.
 27441 | Orc:2    | Reached skill level 11 in Conjurations
 27801 | Orc:2    | Found Laryt's General Store.
 27810 | Orc:2    | Bought the amulet of the Air {Inacc +Fly rElec EV+5 RMsl} for 571 gold pieces
 27810 | Orc:2    | Bought a potion of curing for 36 gold pieces
 27850 | Orc:2    | Bought a buckler for 117 gold pieces
 27986 | Orc:2    | Found Doisopra's Antique Weapon Shop.
 28171 | Orc:1    | Reached skill level 1 in Shields
 28307 | Orc:1    | Found Woletuamo's Antique Weapon Boutique.
 28649 | Swamp:1  | Entered Level 1 of the Swamp
 28756 | Swamp:1  | Reached skill level 2 in Shields
 28957 | Swamp:1  | Got a brightly glowing diamond amulet
 28958 | Swamp:1  | Identified the amulet "Koalit" {Faith rF+} (You found it on level 1 of the Swamp)
 28994 | Swamp:1  | Reached skill level 3 in Shields
 29002 | Swamp:1  | Reached skill level 4 in Shields
 29397 | Swamp:1  | Reached skill level 12 in Conjurations
 29691 | Swamp:2  | Reached ****** piety under Vehumet
 29767 | Swamp:2  | Offered knowledge of Bolt of Cold by Vehumet.
 29778 | Swamp:2  | Learned a level 6 spell: Bolt of Cold
 29969 | Swamp:2  | Noticed a thorn hunter
 29987 | Swamp:2  | Killed a thorn hunter
 30267 | Swamp:2  | Gained mutation: You are partially covered in molten scales. (AC +2) [evolution]
 30510 | Swamp:3  | Reached skill level 13 in Conjurations
 30848 | Swamp:3  | Noticed a thorn hunter
 30857 | Swamp:3  | Killed a thorn hunter
 30857 | Swamp:3  | Reached skill level 13 in Spellcasting
 31189 | Swamp:3  | Noticed Aizul
 31201 | Swamp:3  | Killed Aizul
 31598 | Swamp:4  | Entered Level 4 of the Swamp
 31964 | Swamp:4  | Reached XP level 17. HP: 70/70 MP: 26/35
 31964 | Swamp:4  | Reached skill level 14 in Spellcasting
 31989 | Swamp:4  | Offered knowledge of Conjure Ball Lightning by Vehumet.
 32020 | Swamp:4  | Reached skill level 15 in Spellcasting
 32109 | Swamp:4  | Got a decaying rune of Zot
 32490 | Swamp:4  | Learned a level 6 spell: Conjure Ball Lightning
 32674 | Snake:1  | Entered Level 1 of the Snake Pit
 32776 | Snake:1  | Reached skill level 3 in Stealth
 32805 | Snake:1  | HP: 28/70 [shock serpent/bolt of electricity (3)]
 32809 | Lair:2   | Reached skill level 4 in Stealth
 32813 | Lair:2   | HP: 20/70 [poisoned by a naga ritualist]
 33057 | Snake:1  | Found a frozen archway.
 33061 | IceCv    | Entered an ice cave
 33166 | IceCv    | Gained mutation: Your mind is very acute. (Int +4) [evolution]
 33355 | IceCv    | Reached skill level 5 in Stealth
 33826 | IceCv    | Reached skill level 6 in Stealth
 33968 | IceCv    | Reached skill level 7 in Stealth
 33978 | IceCv    | HP: 27/70 [disintegration[the player character] (21)]
 34034 | IceCv    | Got a pair of ichor-stained boots
 34045 | IceCv    | Identified the cursed +0 pair of boots of the Trombone {rF++ rC+ MP+9 Str-2} (You found it in an ice cave)
 34333 | Snake:1  | Found Ysaceoll's Magic Scroll Boutique.
 34353 | Snake:1  | Bought a scroll of blinking for 82 gold pieces
 34353 | Snake:1  | Bought a scroll of identify for 22 gold pieces
 34353 | Snake:1  | Bought a scroll of recharging for 104 gold pieces
 34644 | Snake:1  | Reached skill level 8 in Stealth
 35144 | Snake:2  | Reached skill level 9 in Stealth
 35317 | Snake:2  | Reached skill level 10 in Stealth
 35468 | Snake:2  | Found Uqihonk's Jewellery Emporium.
 35476 | Snake:2  | Found Weosaode's Antique Weapon Shoppe.
 35731 | Snake:2  | Found Aqiutal's General Store.
 35739 | Snake:2  | Bought a scroll of identify for 34 gold pieces
 35739 | Snake:2  | Bought a scroll of identify for 34 gold pieces
 35739 | Snake:2  | Bought a potion of cancellation for 136 gold pieces
 35739 | Snake:2  | Bought a +0 shield for 76 gold pieces
 36540 | Snake:3  | Offered knowledge of Lehudib's Crystal Spear by Vehumet.
 36540 | Snake:3  | Offered knowledge of Glaciate by Vehumet.
 36540 | Snake:3  | Offered knowledge of Chain Lightning by Vehumet.
 36811 | Snake:3  | Reached skill level 16 in Spellcasting
 36811 | Snake:3  | Reached XP level 18. HP: 65/74 MP: 39/39
 36990 | Snake:3  | Reached skill level 1 in Fighting
 37059 | Snake:3  | Reached skill level 2 in Fighting
 37355 | Snake:3  | Reached skill level 3 in Fighting
 37806 | Snake:4  | Entered Level 4 of the Snake Pit
 37873 | Snake:4  | Reached skill level 4 in Fighting
 37927 | Snake:4  | Found a hazy altar of Hepliaklqana.
 38023 | Snake:4  | Reached skill level 5 in Fighting
 38181 | Snake:4  | Noticed Vashnia
 38189 | Snake:4  | HP: 31/84 [Vashnia/bolt (35)]
 38201 | Snake:4  | Killed Vashnia
 38206 | Snake:4  | HP: 23/86 [naga sharpshooter/bolt (21)]
 38206 | Snake:4  | HP: 2/86 [naga sharpshooter/bolt[Vashnia] (21)]
 38207 | Snake:4  | Reached skill level 6 in Fighting
 38213 | Snake:4  | HP: 4/86 [poisoned by a naga (splash of poison)]
 38218 | Snake:4  | HP: 7/86 [poisoned by a naga (splash of poison)]
 38223 | Snake:4  | HP: 9/86 [poisoned by a naga (splash of poison)]
 38229 | Snake:4  | HP: 13/86 [poisoned by a naga (splash of poison)]
 38234 | Snake:4  | HP: 16/86 [poisoned by a naga (splash of poison)]
 38671 | Snake:4  | Reached skill level 7 in Fighting
 38989 | Snake:4  | Reached skill level 8 in Fighting
 39547 | Snake:4  | Got a serpentine rune of Zot
 39590 | Snake:4  | Lost mutation: Your body sometimes deteriorates upon taking damage. [evolution]
 39765 | Snake:4  | Reached skill level 9 in Fighting
 40003 | Elf:1    | Entered Level 1 of the Elven Halls
 40018 | Elf:1    | Noticed Asterion
 40027 | Elf:1    | Killed Asterion
 40265 | Elf:1    | Reached skill level 10 in Fighting
 40316 | Elf:1    | Identified the Reference Book on Sinister Rites
 41289 | Elf:2    | Reached XP level 19. HP: 89/98 MP: 40/40
 41321 | Elf:2    | Identified a scroll of acquirement
 41322 | Elf:2    | Identified the Handbook of Flight and Arcane Weapons (You acquired it on level 2 of the Elven Halls)
 41446 | Elf:2    | Found a runed gate.
 41448 | Elf:2    | Found a runed gate.
 41449 | Elf:2    | Found a runed gate.
 41543 | Elf:2    | Found a ruined gateway.
 41559 | Desolati | Entered the Desolation of Salt
 41618 | Desolati | HP: 28/98 [ragged hierophant/a resonance strike (15)]
 41837 | Elf:2    | Reached skill level 17 in Spellcasting
 42156 | Elf:3    | Entered Level 3 of the Elven Halls
 42743 | Elf:3    | Lost mutation: You expend magic power (3 MP) to strengthen your wands. [evolution]
 43152 | Elf:3    | Reached skill level 18 in Spellcasting
 43483 | Elf:3    | Learned a level 9 spell: Glaciate
 43735 | Elf:3    | Identified the Guide on Dusty Protection
 43756 | Elf:3    | Laraso: ??sh[2
 43756 | Elf:3    | beem: shield[2/5]: You need 4/15/25 skill to eliminate evasion, melee speed, and casting penalties for bucklers/shields/large shields for normal races, 5.6/21/- for kobolds and halflings, 7.2/-/- for spriggans, 2.4/9/15 for nagas, centaurs, and formicids, -/9/15 for trolls and ogres.
 43760 | Elf:3    | Identified the Tome of Igneous Moulding
 43795 | Elf:3    | Identified the +6 dagger of Suub {venom, rPois rF+ Stlth+} (You found it on level 3 of the Elven Halls)
 43853 | Elf:3    | Got a sparkling platinum ring
 43854 | Elf:3    | Identified the ring of Suspected Treachery {+Inv rC+ Str+2 Int+4 Slay+5} (You found it on level 3 of the Elven Halls)
 43902 | Elf:3    | Identified the +12 gold dragon scales "Gifimet" {*Drain rPois rF+ rC+ Int+7} (You found it on level 3 of the Elven Halls)
 44229 | Vaults:1 | Entered Level 1 of the Vaults
 44443 | Vaults:1 | Noticed a Brimstone Fiend
 44446 | Vaults:1 | Noticed a Brimstone Fiend
 44546 | Vaults:1 | Reached skill level 11 in Ice Magic
 44558 | Vaults:1 | Reached XP level 20. HP: 89/102 MP: 38/43
 44789 | Vaults:1 | Reached skill level 14 in Conjurations
 45094 | Vaults:1 | Reached skill level 12 in Ice Magic
 45780 | Vaults:1 | Reached skill level 15 in Conjurations
 46206 | Vaults:2 | Noticed Sojobo
 46235 | Vaults:2 | Reached skill level 13 in Ice Magic
 46238 | Vaults:2 | Killed Sojobo
 46737 | Vaults:2 | Reached XP level 21. HP: 99/107 MP: 39/44
 46856 | Vaults:2 | Found Jacoj's Magic Scroll Shop.
 46889 | Vaults:2 | Reached skill level 16 in Conjurations
 46897 | Vaults:2 | Reached skill level 14 in Ice Magic
 46947 | Vaults:2 | Bought a scroll of identify for 36 gold pieces
 46947 | Vaults:2 | Bought a scroll of amnesia for 63 gold pieces
 46947 | Vaults:2 | Bought a scroll of amnesia for 63 gold pieces
 46947 | Vaults:2 | Bought a scroll of teleportation for 54 gold pieces
 46947 | Vaults:2 | Bought a scroll of fog for 36 gold pieces
 46947 | Vaults:2 | Bought a scroll of teleportation for 54 gold pieces
 46947 | Vaults:2 | Bought a scroll of fog for 36 gold pieces
 47747 | Vaults:3 | Noticed Nikola
 47770 | Vaults:3 | Killed Nikola
 48104 | Vaults:3 | Learned a level 1 spell: Apportation
 48349 | Vaults:3 | Found a white marble altar of Elyvilon.
 48365 | Vaults:3 | Found a staircase to the Crypt.
 48536 | Vaults:3 | Found Myory Bosie's Assorted Antiques.
 48542 | Vaults:3 | Bought a scroll of magic mapping for 87 gold pieces
 48542 | Vaults:3 | Bought a scroll of magic mapping for 87 gold pieces
 48542 | Vaults:3 | Bought a scroll of fear for 87 gold pieces
 48813 | Vaults:4 | Reached skill level 15 in Ice Magic
 49120 | Vaults:4 | Reached skill level 17 in Conjurations
 49751 | Vaults:4 | Reached XP level 22. HP: 102/112 MP: 26/45
 49970 | Vaults:4 | Gained mutation: You have an increased reservoir of magic. (+10% MP) [evolution]
 50439 | Depths:1 | Entered Level 1 of the Depths
 50486 | Depths:1 | HP: 28/112 [stone giant (19)]
 50503 | Depths:1 | Reached skill level 16 in Ice Magic
 50842 | Depths:1 | Found Koazyett's Assorted Antiques.
 50850 | Depths:1 | Bought the +0 mask of the Dragon {MR+ Slay+3 SInv} for 968 gold pieces
 50850 | Depths:1 | Bought a short jewelled staff for 348 gold pieces
 50850 | Depths:1 | Bought a scroll of teleportation for 87 gold pieces
 50951 | Depths:1 | Reached skill level 18 in Conjurations
 51124 | Depths:1 | Found Muesimu's Demolitions Depot.
 51338 | Depths:1 | Found a gateway to a ziggurat.
 51381 | Depths:1 | Found a gateway to Hell.
 51740 | Depths:2 | Noticed Bai Suzhen
 51748 | Depths:2 | Killed Bai Suzhen
 52025 | Depths:2 | Reached skill level 17 in Ice Magic
 52281 | Depths:2 | Found a one-way gate to the infinite horrors of the Abyss.
 52402 | Depths:2 | Reached skill level 19 in Conjurations
 52412 | Depths:2 | HP: 31/112 [purple very ugly thing (18)]
 52417 | Depths:2 | HP: 30/112 [golden dragon zombie[a necromancer] (7)]
 52685 | Depths:2 | Reached XP level 23. HP: 115/115 MP: 48/50
 53329 | Depths:3 | HP: 37/115 [yaktaur/bolt[a yaktaur captain] (16)]
 53449 | Depths:3 | Reached skill level 18 in Ice Magic
 53464 | Depths:3 | HP: 39/115 [tengu reaver/bolt of poison (24)]
 53469 | Depths:2 | HP: 39/115 [poisoned by a tengu reaver (bolt of poison)]
 53474 | Depths:2 | HP: 41/115 [poisoned by a tengu reaver (bolt of poison)]
 53480 | Depths:2 | HP: 44/115 [poisoned by a tengu reaver (bolt of poison)]
 54531 | Depths:3 | Reached skill level 19 in Ice Magic
 54790 | Depths:3 | Got a heavily runed tin ring
 54819 | Depths:3 | Identified the ring "Nize" {rC- MR+ Int+4 Dex+3 Stlth-} (You took it off a spriggan berserker on level 3 of the Depths)
 54873 | Depths:3 | Found a one-way gate leading to the halls of Pandemonium.
 54983 | Depths:3 | Lost mutation: You are partially covered in molten scales. (AC +2) [evolution]
 55454 | Depths:4 | Noticed a juggernaut
 55455 | Depths:4 | Reached skill level 20 in Ice Magic
 55455 | Depths:4 | Reached XP level 24. HP: 118/120 MP: 50/50
 55461 | Depths:4 | Killed a juggernaut
 55921 | Depths:4 | Reached skill level 20 in Conjurations
 56427 | Depths:5 | Entered Level 5 of the Depths
 56626 | Depths:5 | Noticed a caustic shrike
 56630 | Depths:5 | Killed a caustic shrike
 56693 | Depths:5 | Noticed a caustic shrike
 56699 | Depths:5 | Killed a caustic shrike
 56769 | Depths:5 | Noticed a caustic shrike
 56774 | Depths:5 | Killed a caustic shrike
 56785 | Depths:5 | Noticed a caustic shrike
 56875 | Depths:5 | Found a gate to the Realm of Zot.
 56887 | Depths:5 | Killed a caustic shrike
 56945 | Depths:5 | Noticed Saint Roka
 56954 | Depths:5 | Killed Saint Roka
 57046 | Depths:5 | Noticed Margery
 57057 | Depths:5 | Killed Margery
 57108 | Depths:5 | Reached skill level 21 in Ice Magic
 57171 | Depths:5 | Found Usuij's Armour Shoppe.
 57176 | Depths:5 | Bought the +3 pair of gauntlets of War {Slay+5} for 1187 gold pieces
 57379 | Depths:5 | Noticed Mennas
 57383 | Depths:5 | Killed Mennas
 57461 | Depths:5 | Reached skill level 21 in Conjurations
 58254 | Vaults:5 | Entered Level 5 of the Vaults
 58254 | Vaults:5 | Noticed Jorgrun
 58354 | Vaults:5 | Reached XP level 25. HP: 119/124 MP: 50/50
 58358 | Vaults:5 | Killed Jorgrun
 58674 | Vaults:5 | Reached skill level 19 in Spellcasting
 58715 | Vaults:5 | Noticed an ancient lich
 58720 | Vaults:5 | Killed an ancient lich
 58863 | Vaults:5 | Noticed an ancient lich
 58866 | Vaults:5 | Killed an ancient lich
 58892 | Vaults:5 | Identified the Almanac of Frigorific Clay
 59005 | Vaults:5 | Identified the Tome of Torrid Sinister Secrets
 59141 | Vaults:5 | Reached skill level 20 in Spellcasting
 59462 | Vaults:5 | Reached XP level 26. HP: 128/128 MP: 52/52
 59747 | Vaults:5 | Reached skill level 5 in Shields
 59814 | Vaults:5 | Got a silver rune of Zot
 60043 | Vaults:5 | Reached skill level 6 in Shields
 60479 | Depths:5 | Reached skill level 7 in Shields
 60503 | Zot:1    | Entered Level 1 of the Realm of Zot
 60624 | Zot:1    | Reached skill level 8 in Shields
 60659 | Zot:1    | Found Dousiruh's Changing Room.
 60725 | Zot:1    | HP: 38/128 [death cob (21)]
 60730 | Zot:1    | HP: 17/128 [cloud of freezing vapour (4)]
 60789 | Zot:1    | Reached skill level 9 in Shields
 61014 | Hell     | Entered the Vestibule of Hell
 61014 | Hell     | Noticed Geryon
 61022 | Hell     | Killed Geryon
 61147 | Depths:5 | Reached skill level 10 in Shields
 61576 | Crypt:1  | Entered Level 1 of the Crypt
 62585 | Zot:1    | Reached skill level 11 in Shields
 62884 | Zot:2    | Reached skill level 12 in Shields
 62885 | Zot:2    | Noticed an orb of fire
 62888 | Zot:2    | Killed an orb of fire
 62989 | Zot:2    | Reached XP level 27. HP: 133/133 MP: 53/53
 62995 | Zot:2    | Reached skill level 13 in Shields
 64229 | Zot:3    | Reached skill level 14 in Shields
 64758 | Zot:4    | Reached skill level 15 in Shields
 64993 | Zot:4    | Gained mutation: You possess an exceptional clarity of mind. [evolution]
 64993 | Zot:4    | Lost mutation: You evolve. [end of evolution]
 65313 | Zot:4    | Reached skill level 21 in Spellcasting
 66137 | Crypt:1  | Identified the cursed +0 leather armour of Fun {Dex+2 Stlth+} (You found it on level 1 of the Crypt)
 66648 | Crypt:2  | Reached skill level 11 in Dodging
 66737 | Crypt:2  | Identified Sif Muna's Compendium of Dark Battle Magic
 67082 | Crypt:2  | Noticed Boris
 67088 | Crypt:2  | Killed Boris
 67431 | Crypt:2  | Identified the cursed +1 robe of Boredom {Int+4} (You found it on level 2 of the Crypt)
 67601 | Crypt:3  | Entered Level 3 of the Crypt
 67620 | Crypt:3  | Reached skill level 12 in Dodging
 67982 | Crypt:3  | Found a staircase to the Tomb.
 68259 | Crypt:3  | Reached skill level 13 in Dodging
 68519 | Crypt:3  | Reached skill level 14 in Dodging
 68772 | Crypt:3  | Found an ancient bone altar of Kikubaaqudgha.
 68775 | Crypt:3  | Found a basalt altar of Yredelemnul.
 68816 | Crypt:3  | Got a heavily runed copper ring
 68819 | Crypt:3  | Got a twitching golden ring
 68820 | Crypt:3  | Identified the ring of Cyrr {rC++ MR+ SInv} (You took it off an ancient champion on level 3 of the Crypt)
 68821 | Crypt:3  | Identified the ring of Pepevuzo {Fire rPois Str+3 Int+2 Stlth-} (You took it off an ancient champion on level 3 of the Crypt)
 69544 | Slime:1  | Entered Level 1 of the Pits of Slime
 69621 | Slime:2  | Reached skill level 15 in Dodging
 69622 | Slime:2  | Gained mutation: You are clumsy. (Dex -2) [a shining eye]
 69625 | Slime:2  | Lost mutation: You have an increased reservoir of magic. (+10% MP) [a shining eye]
 69980 | Slime:4  | Reached skill level 16 in Dodging
 70065 | Slime:5  | Entered Level 5 of the Pits of Slime
 70087 | Slime:5  | Noticed the Royal Jelly
 70087 | Slime:5  | Found a viscous altar of Jiyva.
 70091 | Slime:5  | Killed the Royal Jelly
 70118 | Slime:5  | Got a slimy rune of Zot
 70175 | Slime:5  | Learned a level 8 spell: Controlled Blink
 70185 | Slime:5  | Learned a level 8 spell: Disjunction
 70229 | Slime:5  | Learned a level 2 spell: Blink
 70750 | Depths:2 | Voluntarily entered the Abyss.
 70752 | Abyss:1  | Found a corrupted altar of Lugonu.
 70773 | Abyss:1  | Found an opulent altar of Gozag.
 70842 | Abyss:2  | Found a corrupted altar of Lugonu.
 71159 | Abyss:3  | Reached skill level 17 in Dodging
 71487 | Abyss:4  | Noticed an ancient lich
 71494 | Abyss:4  | Killed an ancient lich
 71697 | Abyss:4  | Reached skill level 1 in Evocations
 71818 | Abyss:4  | Reached skill level 2 in Evocations
 71859 | Abyss:4  | Reached skill level 3 in Evocations
 71921 | Abyss:4  | Reached skill level 4 in Evocations
 71934 | Abyss:4  | Gained mutation: You are very clumsy. (Dex -4) [a cacodemon]
 71958 | Abyss:4  | Reached skill level 5 in Evocations
 72048 | Abyss:4  | Found a corrupted altar of Lugonu.
 72105 | Abyss:4  | Reached skill level 6 in Evocations
 72303 | Abyss:4  | Identified the +2 ring mail "Vaatu" {*Drain rC+ Regen+ Int+6} (You found it on level 4 of the Abyss)
 72384 | Abyss:4  | Reached skill level 7 in Evocations
 72508 | Abyss:4  | Reached skill level 8 in Evocations
 72858 | Abyss:4  | Reached skill level 9 in Evocations
 72892 | Abyss:4  | Reached skill level 10 in Evocations
 72920 | Abyss:4  | Laraso: ...
 72920 | Abyss:4  | Laraso: rune mimic...
 72968 | Abyss:4  | Got an abyssal rune of Zot
 73050 | Abyss:4  | Nicocat: And useless scrolls
 73055 | Abyss:4  | Nicocat: Love it
 73146 | Abyss:4  | Reached skill level 11 in Evocations
 73215 | Abyss:4  | HP: 51/133 [hell knight/enchanted great mace (11)]
 73224 | Abyss:4  | Found a corrupted altar of Lugonu.
 73246 | Abyss:4  | Found a corrupted altar of Lugonu.
 73310 | Abyss:4  | Reached skill level 12 in Evocations
 73620 | Abyss:4  | Reached skill level 1 in Translocations
 73656 | Abyss:4  | Reached skill level 2 in Translocations
 73673 | Depths:2 | You pass through the gate.
 73673 | Depths:2 | Escaped the Abyss
 73678 | Depths:2 | Reached skill level 3 in Translocations
 73756 | Hell     | Nicocat: Did you get it?
 73763 | Hell     | Laraso: yup
 73768 | Hell     | Nicocat: Ah, good work then
 73771 | Hell     | Reached skill level 4 in Translocations
 73810 | Hell     | Reached skill level 5 in Translocations
 73819 | Hell     | Found a gateway to the decaying netherworld of Tartarus.
 74005 | Hell     | Found a gateway to the Iron City of Dis.
 74063 | Hell     | Found a gateway to the freezing wastes of Cocytus.
 74078 | Hell     | Reached skill level 6 in Translocations
 74136 | Hell     | Found a gateway to the ashen valley of Gehenna.
 74281 | Geh:1    | Entered Level 1 of Gehenna
 74335 | Geh:1    | Reached skill level 7 in Translocations
 74348 | Geh:1    | Reached skill level 8 in Translocations
 74566 | Geh:2    | Reached skill level 9 in Translocations
 74715 | Geh:3    | Reached skill level 10 in Translocations
 74861 | Geh:3    | Reached skill level 11 in Translocations
 75124 | Geh:4    | Reached skill level 12 in Translocations
 75351 | Geh:5    | Reached skill level 13 in Translocations
 75516 | Geh:6    | Reached skill level 14 in Translocations
 75698 | Geh:7    | Entered Level 7 of Gehenna
 75991 | Geh:7    | Reached skill level 15 in Translocations
 76226 | Geh:7    | Reached skill level 16 in Translocations
 76489 | Geh:7    | Reached skill level 17 in Translocations
 76524 | Geh:7    | Noticed Asmodeus
 76539 | Geh:7    | Killed Asmodeus
 76539 | Geh:7    | Reached skill level 22 in Spellcasting
 76571 | Geh:7    | Got an obsidian rune of Zot
 76573 | Geh:7    | Identified the Collected Works on Ashen Companions
 76577 | Geh:7    | Learned a level 1 spell: Summon Butterflies
 76755 | Geh:7    | Identified the Tome of the Glacial Voyage
 76862 | Hell     | Upgraded the game from 0.21-a0-28-g9a7844a to 0.21-a0-29-g43b3074
 76908 | Dis:1    | Entered Level 1 of the Iron City of Dis
 77302 | Dis:2    | Reached skill level 23 in Spellcasting
 77676 | Dis:3    | HP: 51/133 [??? (33)]
 78237 | Dis:3    | Reached skill level 24 in Spellcasting
 80070 | Dis:5    | Reached skill level 25 in Spellcasting
 81059 | Dis:6    | Gained mutation: You expend magic power (3 MP) to strengthen your wands. [mutagenic glow]
 81254 | Dis:7    | Entered Level 7 of the Iron City of Dis
 81363 | Dis:7    | HP: 45/133 [Executioner (12)]
 81384 | Dis:7    | HP: 50/133 [war gargoyle/dire flail (9)]
 81392 | Dis:7    | HP: 26/133 [war gargoyle/dire flail (17)]
 81404 | Dis:7    | HP: 34/133 [/static electricity (1)]
 81526 | Dis:7    | Reached skill level 26 in Spellcasting
 81576 | Dis:7    | Noticed the Serpent of Hell
 81586 | Dis:7    | HP: 46/133 [the Serpent of Hell/crystal spear (43)]
 81808 | Dis:7    | Killed the Serpent of Hell
 82150 | Dis:7    | HP: 49/133 [bone dragon[the effects of Hell] (14)]
 82322 | Dis:7    | Reached skill level 27 in Spellcasting
 82383 | Dis:7    | Reached skill level 18 in Dodging
 82433 | Dis:7    | Got a glittering granite ring
 82436 | Dis:7    | Identified the ring of Qippekh {+Fly rN++ MP+9 Int+2 Dex-3} (You found it on level 7 of the Iron City of Dis)
 82538 | Dis:7    | Reached skill level 11 in Stealth
 82570 | Dis:7    | HP: 53/133 [reaper/antimagic scythe (26)]
 82970 | Dis:7    | Reached skill level 12 in Stealth
 83248 | Dis:7    | Reached skill level 13 in Stealth
 83289 | Dis:7    | Got a scorched glass ring
 83290 | Dis:7    | Identified the ring "Tany" {+Blink rElec rPois Dex-5 Slay+4} (You found it on level 7 of the Iron City of Dis)
 83302 | Dis:7    | Learned a level 7 spell: Malign Gateway
 83440 | Dis:7    | Reached skill level 14 in Stealth
 83576 | Dis:7    | Reached skill level 15 in Stealth
 83770 | Dis:7    | Noticed Dispater
 83792 | Dis:7    | Killed Dispater
 83792 | Dis:7    | Reached skill level 16 in Stealth
 83841 | Dis:7    | Got an iron rune of Zot
 84328 | Vaults:5 | Learned a level 8 spell: Lehudib's Crystal Spear
 85068 | Tomb:1   | Entered Level 1 of the Tomb of the Ancients
 85150 | Tomb:1   | Reached skill level 1 in Earth Magic
 85152 | Tomb:1   | Reached skill level 2 in Earth Magic
 85173 | Tomb:1   | Identified the cursed -5 pair of boots "Ucralaho" {rN+ Str+2} (You found it on level 1 of the Tomb of the Ancients)
 85287 | Tomb:1   | Reached skill level 3 in Earth Magic
 85513 | Tomb:1   | Reached skill level 4 in Earth Magic
 85529 | Tomb:1   | HP: 46/133 [soul eater[a mummy priest's death curse] (11)]
 85534 | Tomb:1   | HP: 21/133 [torment (13)]
 85760 | Tomb:1   | Reached skill level 5 in Earth Magic
 85879 | Tomb:1   | You are cast into the Abyss!
 85879 | Tomb:1   | Cast into level 2 of the Abyss (reaper)
 85885 | Abyss:2  | Got a wavering marble ring
 85891 | Abyss:2  | Identified the ring "Dom Risch" {+Blink rN+ Dex+3} (You found it on level 2 of the Abyss)
 85920 | Abyss:2  | Reached skill level 6 in Earth Magic
 85946 | Abyss:2  | KurzedMetal: what abyssed you?
 85946 | Abyss:2  | Laraso: reaper with a scythe of distortion
 86079 | Tomb:1   | You pass through the gate.
 86079 | Tomb:1   | Escaped the Abyss
 86083 | Tomb:1   | Reached skill level 7 in Earth Magic
 86204 | Tomb:1   | KurzedMetal: dump plz?
 86265 | Tomb:1   | Noticed a greater mummy
 86271 | Tomb:1   | Killed a greater mummy
 86679 | Tomb:2   | Noticed a greater mummy
 86679 | Tomb:2   | Noticed a greater mummy
 86679 | Tomb:2   | Noticed a greater mummy
 86680 | Tomb:2   | Noticed a greater mummy
 86682 | Tomb:2   | HP: 52/133 [mummy priest/divine providence (10)]
 86684 | Tomb:2   | Laraso: ???
 86684 | Tomb:2   | Laraso: did they change tomb
 86684 | Tomb:2   | Laraso: theres no stairs back up
 86685 | Tomb:2   | HP: 22/133 [mummy priest/divine providence (5)]
 86685 | Tomb:2   | HP: 8/133 [guardian mummy's death curse (14)]
 86686 | Tomb:2   | Killed a greater mummy
 86689 | Tomb:2   | Killed a greater mummy
 86689 | Tomb:2   | Reached skill level 4 in Air Magic
 86693 | Tomb:2   | HP: 4/133 [reaper/vampiric scythe[something's death curse] (14)]
 86699 | Tomb:2   | HP: 2/133 [reaper/vampiric scythe[something's death curse] (5)]
 86699 | Tomb:2   | Killed from afar by a greater mummy

Vault maps used:
D:1:      lemuel_arrival_river_ford
D:2:      nicolae_overflow_hidden_temple
D:3:      minmay_misc_feat_hallway, hangedman_feature_mirror, uniq_sigmund,
          uniq_natasha, uniq_robin
D:4:      first_bread, serial_shops, nicolae_shop_crystal
D:5:      grunt_gozag_breadcrumbs, uniq_prince_ribbit1, uniq_edmund
D:6:      lemuel_round_altar, temple_fountains, sigmund_army,
          uniq_crazy_yiuf_cottage
D:7:      makhleb_heckhound_becter, xom_confusion_cloud,
          nicolae_ru_awakened_eye, grunt_ogre_cave
D:8:      cheibrodos_worm_habitat, lair_entry_dummy
D:9:      kennysheep_spiral_hall, kennysheep_mini_moat, lemuel_doored_altar,
          david_orc_5, hangedman_minor_gate_pass
D:11:     uniq_snorg
D:12:     lab_entry_generic
D:13:     uniq_erolcha, uniq_sonja, uniq_urug
D:14:     david_vaults_5, serial_glass, glass_columns_c, glass_columns_c,
          serial_bayou_crossing
D:15:     grunt_enter_depths_snipers, enter_trove_1, evilmike_ruin_ashenzari,
          uniq_louise, uniq_josephine
Temple:   dpeg_three_leaves_temple
Lair:1:   minmay_lair_oklob_bushes, minmay_hedge_maze,
          hangedman_lair_unloving_vines, lemuel_fruit_tree
Lair:2:   minmay_snake_entry_guardpost_small, serial_bayou,
          serial_bayou_lagoon_b, serial_bayou_shore_a, serial_bayou_pond_a,
          serial_bayou_shore_b
Lair:3:   nicolae_volcano_entry_s_turn
Lair:4:   swamp_mist_pool, uniq_nessos
Lair:5:   serial_bayou_pond_c, beast_lair_carwin_5, infiniplex_staircase_pool,
          grunt_megastairs_4, uniq_kirke
Lair:6:   guppyfry_lair_end_dragon, hangedman_lair_in_review, slime_altar_1,
          kennysheep_abandoned_house
Swamp:1:  evilmike_swamp_ruin_wall
Swamp:2:  evilmike_swamp_ruin_house_3
Swamp:3:  cheibrodos_swamp_heart_of_darkness, nicolae_swamp_dense_foliage,
          swamp_pool1, uniq_aizul
Swamp:4:  swamp
Snake:1:  serial_shops, shop, portal_ice_cave_entry_pillars_four
Snake:2:  serial_shops, nicolae_shop_statue_plus, serial_bayou_shore_b,
          minmay_shoptagon
Snake:4:  minmay_snake_end_coiled, basic_altar, uniq_vashnia
Slime:3:  cheibrodos_slime_lost_civilization_4
Slime:4:  cheibrodos_slime_lost_civilization_3, special_room
Orc:1:    serial_shops, shop_fountains, shop
Orc:2:    grunt_orc_gardens, grunt_orc_garden, grunt_orc_garden,
          grunt_orc_garden, grunt_orc_garden, uniq_maurice
Elf:1:    serial_co_window_serial, co_window_paths_b, co_window_corner_a,
          co_window_paths_b, co_window_paths_a, co_window_paths_a,
          co_window_corner_ca, co_window_cross_2, co_window_broadway_b,
          co_window_paths_d, glass_columns_a, glass_columns_a, glass_columns_c,
          minmay_elf_necromancy, uniq_asterion
Elf:2:    portal_desolation_entry_ruin
Elf:3:    minmay_elf_hall, st_stairs_9, dk_noncrumbling_4
Vaults:1: dpeg_vaults_monster_row, v_misc_23, vaults_room_grunt_arrival_ludios,
          nicolae_vaults_little_squares_4, vaults_room_stairs_pillars,
          hangedman_vaults_corner, v_misc_17, nicolae_vaults_diagonal_hallway_8,
          nicolae_vaults_display_case, nicolae_vaults_network_square, v_misc_32,
          nicolae_vaults_shelves_hall, vaults_mumra_minichess, v_alt_pattern_4
Vaults:2: v_misc_28, nicolae_vaults_triangles, ontoclasm_vaults_pinch,
          v_rooms_4, v_misc_14, hangedman_vaults_impose,
          nicolae_vaults_what_the_h, v_pattern_3, grunt_vaults_funnel,
          ontoclasm_vaults_claustrophobia, ontoclasm_vaults_shuriken,
          grunt_vaults_hallway_short, serial_shops, shop, uniq_sojobo
Vaults:3: nicolae_vaults_theta, minmay_crypt_entry_simple_sparse, v_misc_8,
          nicolae_vaults_alarming, hangedman_vaults_stagger,
          nicolae_vaults_know_your_exits, v_misc_33, vaults_room_stairs_pillars,
          nicolae_vaults_asterisk, ontoclasm_vaults_idyll,
          ontoclasm_vaults_ligature, nicolae_vaults_diagonal_hallway_7,
          basic_altar, serial_glass, serial_shops, shop, uniq_nikola
Vaults:4: vaults_dpeg_hooks, nicolae_vaults_circle_grid_a, vaults_room_pools,
          vaults_mumra_minichess_inversion, v_misc_8, v_misc_29,
          nicolae_vaults_asterisk, vaults_room_stairs_pillars,
          hangedman_vaults_nails
Vaults:5: uniq_jorgrun
Crypt:2:  hex_intersection, minivault_24, uniq_boris
Crypt:3:  lightli_unholy_cathedral, tomb_entry_sphere_bobbens
Depths:1: enter_ziggurat_f, lightli_too_deep, serial_shops,
          nicolae_shop_waterfront, hex_intersection, minivault_16,
          nicolae_blasting_shop, grunt_megastairs_3
Depths:2: minmay_quantized_circle, hell_entry, hangedman_abyss_entry_splay,
          minmay_staircase_windowed_small, minmay_misc_feat_plants,
          serial_bayou_pond_a, uniq_bai_suzhen
Depths:3: kennysheep_windowed_halls, grunt_hell_entry_dis_mu,
          rand_demon_pan_entry_7
Depths:4: minmay_containers, hell_entry, abyss_entry, kennysheep_cross_room,
          kennysheep_windowed_goal
Depths:5: evilmike_zot_entry_diamond, minivault_11, hell_entry, serial_shops,
          nicolae_shop_crystal, item_on_display_b, uniq_mennas, uniq_margery,
          uniq_saint_roka
Dis:1:    hangedman_dis_decor_blocks_crown
Dis:5:    hangedman_player_shredder
Dis:7:    dis_hangedman
Geh:1:    nicolae_geh_single_fiery_grave
Geh:6:    evilmike_ambush
Geh:7:    geh_grunt_pentagon
Zot:1:    nicolae_transmutations_shop
Zot:2:    lemuel_flame_loot_1
Abyss:2:  bh_abyss_exit_spiral, evilmike_abyss_exit_6,
          kilobyte_mutagenic_chamber, evilmike_abyss_exit_15
Abyss:3:  hangedman_abyss_rune_macabre_mess
Abyss:4:  guppyfry_abyss_exit_imp_island, evilmike_abyss_exit_16,
          evilmike_abyss_rune_tso_outpost, bh_abyss_exit_spiral
Lab:      labyrinth_mini_lab, labyrinth_skeletal_remains,
          nicolae_lab_very_dead_end, nicolae_lab_swirl,
          nicolae_lab_checkerboard, lab_fountain, nicolae_lab_starburst,
          nicolae_lab_plus
IceCv:    ice_cave_caverns_02
Volcano:  volcano_pools

Skill      XL: |  1  2  3  4  5  6  7  8  9 10 11 12 13 14 15 16 17 18 19 20 21 22 23 24 25 26 27 |
---------------+----------------------------------------------------------------------------------+-----
Ice Magic      | 4 6 7 9 10 11 13 15 17 20 21 | 21.9
Conjurations   | 2 3 4 6 7 9 10 13 15 17 19 21 | 21.6
Spellcasting   | 4 5 6 8 10 12 13 16 18 20 27 | 27.0
Charms         | 2 |  2.0
Summonings     | 2 6 |  6.2
Short Blades   | 3 5 7 12 14 | 14.0
Air Magic      | 1 3 4 |  4.0
Dodging        | 7 10 18 | 18.4
Shields        | 4 12 15 | 15.0
Stealth        | 10 16 | 16.8
Fighting       | 10 | 10.2
Evocations     | 12 | 12.6
Translocations | 17 | 17.0
Earth Magic    | 7 |  7.5

Action                   |  1- 3 |  4- 6 |  7- 9 | 10-12 | 13-15 | 16-18 | 19-21 | 22-24 | 25-27 || total
-------------------------+-------+-------+-------+-------+-------+-------+-------+-------+-------++-------
Melee: Unarmed           |     7 |       |       |       |       |       |       |       |       ||     7
       Dagger            |    18 |   112 |   241 |   333 |    63 |       |       |       |       ||   767
       Bite              |    10 |    25 |    66 |   109 |    86 |   123 |   108 |   163 |  1221 ||  1911
       Whip              |     6 |       |       |       |       |       |       |       |       ||     6
       Headbutt          |       |       |       |     5 |    57 |    94 |    73 |   150 |   798 ||  1177
       Rapier            |       |       |       |       |   295 |   784 |   467 |   538 |  4091 ||  6175
Throw: Throwing net      |       |       |       |       |     2 |       |     1 |       |       ||     3
 Cast: Freeze            |    18 |    18 |    40 |    46 |     8 |       |       |       |       ||   130
       Throw Frost       |    22 |    18 |    52 |    47 |    23 |       |       |       |       ||   162
       Ozocubu's Armour  |       |     9 |    24 |    24 |    37 |    44 |    27 |    42 |   131 ||   338
       Summon Ice Beast  |       |       |    15 |    26 |    21 |     5 |     2 |     2 |       ||    71
       Throw Icicle      |       |       |    18 |   177 |   234 |   221 |   150 |    65 |    12 ||   877
       Freezing Cloud    |       |       |       |     5 |    83 |    69 |    67 |    29 |     8 ||   261
       Regeneration      |       |       |       |     2 |       |       |       |       |       ||     2
       Spellforged Servi |       |       |       |       |       |    33 |    11 |    11 |    19 ||    74
       Orb of Destructio |       |       |       |       |       |    17 |    34 |    59 |   218 ||   328
       Bolt of Cold      |       |       |       |       |       |    77 |   111 |   149 |   227 ||   564
       Swiftness         |       |       |       |       |       |     2 |     1 |     3 |     2 ||     8
       Conjure Ball Ligh |       |       |       |       |       |    23 |    24 |    33 |     5 ||    85
       Glaciate          |       |       |       |       |       |       |       |     9 |   231 ||   240
       Controlled Blink  |       |       |       |       |       |       |       |       |    17 ||    17
       Lehudib's Crystal |       |       |       |       |       |       |       |       |    15 ||    15
       Apportation       |       |       |       |       |       |       |       |       |    15 ||    15
       Summon Butterflie |       |       |       |       |       |       |       |       |     2 ||     2
       Malign Gateway    |       |       |       |       |       |       |       |       |     2 ||     2
 Abil: Evoke Flight      |       |       |       |       |       |     1 |       |     1 |     7 ||     9
       Stop Flying       |       |       |       |       |       |       |       |       |     6 ||     6
Evoke: Wand              |       |       |       |       |    10 |     1 |       |       |     1 ||    12
       Lightning rod     |       |       |       |       |       |       |       |       |     3 ||     3
       Lamp of fire      |       |       |       |       |       |       |       |       |     2 ||     2
       Crystal ball of e |       |       |       |       |       |       |       |       |     1 ||     1
  Use: Scroll            |    10 |     2 |     9 |    16 |    16 |    10 |    10 |     4 |    26 ||   103
       Potion            |       |     1 |     3 |     1 |     1 |     7 |     2 |     3 |    27 ||    45
 Stab: Distracted        |       |       |     1 |       |     1 |     8 |     1 |     6 |    15 ||    32
       Sleeping          |       |       |     1 |       |     1 |     2 |     7 |     4 |    36 ||    51
       Confused          |       |       |       |       |     1 |       |       |       |       ||     1
       Invisible         |       |       |       |       |       |     1 |       |       |     1 ||     2
  Eat: Chunk             |     4 |     6 |    19 |    25 |    44 |    37 |    28 |    43 |    28 ||   234
       Fruit             |       |       |     2 |     2 |     5 |     5 |       |       |       ||    14
       Meat ration       |       |       |       |     1 |     1 |     5 |     2 |       |    16 ||    25
       Bread ration      |       |       |       |       |     1 |     3 |       |       |    12 ||    16
       Royal jelly       |       |       |       |       |       |     4 |     1 |       |     6 ||    11
Armor: Robe              |    11 |    32 |    72 |   142 |    84 |   111 |   124 |   116 |   511 ||  1203
Dodge: Dodged            |    15 |    47 |    82 |   168 |   293 |   563 |   379 |   385 |  2204 ||  4136
       Deflected         |       |       |       |       |       |    58 |    49 |    32 |    45 ||   184
Block: Buckler           |       |       |       |       |       |   138 |   121 |    94 |   103 ||   456
       Shield            |       |       |       |       |       |       |       |       |  1496 ||  1496

Table legend:
 A = Kills in this place as a percentage of kills in entire the game.
 B = Kills by you in this place as a percentage of kills by you in the entire game.
 C = Kills by friends in this place as a percentage of kills by friends in the entire game.
 D = Other kills in this place as a percentage of other kills in the entire game.
 E = Experience gained in this place as a percentage of experience gained in the entire game.
 F = Experience gained in this place divided by the number of levels of this place that you have seen.
                   A       B       C       D       E      F
               +-------+-------+-------+-------+-------+----------------------
         Total | 100.0 | 100.0 | 100.0 | 100.0 | 100.0 | 31093.4
       Dungeon |  11.9 |  11.5 |  18.8 |   0.0 |   2.6 | 4429.3
          Lair |   5.2 |   5.3 |   3.7 |   0.0 |   2.2 | 9337.8
         Swamp |   4.4 |   3.7 |  16.5 |   7.7 |   2.5 | 16030.5
     Snake Pit |   4.6 |   3.7 |  20.6 |   7.7 |   3.4 | 21886.8
    Slime Pits |   2.9 |   3.0 |   0.0 |   0.0 |   3.4 | 17486.8
  Orcish Mines |   1.7 |   1.7 |   1.8 |   0.0 |   0.5 | 6412.5
   Elven Halls |   2.2 |   2.1 |   2.8 |   7.7 |   3.1 | 26336.3
        Vaults |  12.1 |  12.0 |  13.8 |  15.4 |  16.0 | 82504.8
         Crypt |   4.6 |   4.8 |   0.0 |   0.0 |   5.9 | 50921.7
          Tomb |   1.6 |   1.5 |   3.7 |   0.0 |   2.4 | 31097.0
        Depths |   9.2 |   9.5 |   4.1 |   7.7 |  14.0 | 72512.0
          Hell |   1.7 |   1.8 |   0.5 |   0.0 |   1.5 | 38741.0
           Dis |  13.3 |  14.0 |   1.4 |  15.4 |  16.0 | 58992.9
       Gehenna |  10.7 |  11.1 |   3.2 |  15.4 |   9.9 | 36546.1
           Zot |   2.8 |   2.8 |   1.4 |   0.0 |   7.5 | 48517.5
         Abyss |   9.2 |   9.7 |   0.0 |  15.4 |   8.3 | 42816.8
     Labyrinth |   0.0 |   0.1 |   0.0 |   0.0 |   0.0 | 1171.0
      Ice Cave |   1.3 |   1.1 |   5.0 |   0.0 |   0.3 | 8571.0
       Volcano |   0.1 |   0.2 |   0.0 |   0.0 |   0.2 | 3899.0
    Desolation |   0.5 |   0.3 |   2.8 |   7.7 |   0.3 | 7999.0
               +-------+-------+-------+-------+-------+----------------------

Table legend:
 A = Turns spent in this place as a percentage of turns spent in the entire game.
 B = Non-inter-level travel turns spent in this place as a percentage of non-inter-level travel turns spent in the entire game.
 C = Inter-level travel turns spent in this place as a percentage of turns spent in this place.
 D = Turns resting spent in this place as a percentage of non-inter-level travel turns spent in this place.
 E = Turns spent auto-exploring this place as a percentage of non-inter-level travel turns spent in this place.
 F = Non-inter-level travel turns spent in this place divided by the number of levels of this place that you've seen.
                   A       B       C       D       E      F
               +-------+-------+-------+-------+-------+----------------------
         Total | 100.0 | 100.0 |   0.4 |   4.2 |   5.1 | 475.4
       Dungeon |  15.4 |  15.3 |   0.8 |   6.6 |   8.3 | 403.3
        Temple |   0.1 |   0.1 |   6.1 |   0.0 |  29.0 |  31.0
          Lair |   6.5 |   6.5 |   0.5 |   6.1 |   6.4 | 428.8
         Swamp |   4.3 |   4.3 |   0.3 |   3.9 |   7.2 | 429.0
     Snake Pit |   5.4 |   5.4 |   0.4 |   6.8 |   7.6 | 535.8
    Slime Pits |   1.6 |   1.6 |   0.2 |   2.4 |   0.2 | 124.6
  Orcish Mines |   1.6 |   1.6 |   0.8 |   4.1 |   6.7 | 319.0
   Elven Halls |   3.4 |   3.4 |   0.5 |   4.7 |   5.0 | 449.7
        Vaults |   9.9 |   9.9 |   0.4 |   5.0 |   7.4 | 783.0
         Crypt |   4.1 |   4.1 |   0.5 |   2.1 |   6.4 | 538.7
          Tomb |   2.3 |   2.3 |   0.0 |   8.4 |   0.2 | 446.5
        Depths |   9.0 |   9.0 |   0.6 |   5.3 |   6.5 | 706.6
          Hell |   1.1 |   1.0 |   1.4 |   0.0 |   5.3 | 414.0
           Dis |  12.6 |  12.6 |   0.4 |   2.6 |   3.6 | 712.3
       Gehenna |   6.8 |   6.8 |   0.1 |   0.6 |   0.1 | 384.6
           Zot |   3.6 |   3.6 |   0.5 |   4.5 |   7.6 | 350.5
         Abyss |   8.9 |   8.9 |   0.0 |   0.1 |   0.1 | 702.0
     Labyrinth |   0.7 |   0.7 |   0.0 |   2.6 |   0.0 | 265.0
      Ice Cave |   1.9 |   1.9 |   0.0 |   4.0 |   0.0 | 757.0
       Volcano |   0.7 |   0.7 |   0.0 |  13.9 |   0.8 | 266.0
    Desolation |   0.2 |   0.2 |   0.0 |   0.0 |   0.0 |  86.0
               +-------+-------+-------+-------+-------+----------------------

Vault maps used:
D:1:      lemuel_arrival_river_ford
D:2:      nicolae_overflow_hidden_temple
D:3:      minmay_misc_feat_hallway, hangedman_feature_mirror, uniq_sigmund,
          uniq_natasha, uniq_robin
D:4:      first_bread, serial_shops, nicolae_shop_crystal
D:5:      grunt_gozag_breadcrumbs, uniq_prince_ribbit1, uniq_edmund
D:6:      lemuel_round_altar, temple_fountains, sigmund_army,
          uniq_crazy_yiuf_cottage
D:7:      makhleb_heckhound_becter, xom_confusion_cloud,
          nicolae_ru_awakened_eye, grunt_ogre_cave
D:8:      cheibrodos_worm_habitat, lair_entry_dummy
D:9:      kennysheep_spiral_hall, kennysheep_mini_moat, lemuel_doored_altar,
          david_orc_5, hangedman_minor_gate_pass
D:11:     uniq_snorg
D:12:     lab_entry_generic
D:13:     uniq_erolcha, uniq_sonja, uniq_urug
D:14:     david_vaults_5, serial_glass, glass_columns_c, glass_columns_c,
          serial_bayou_crossing
D:15:     grunt_enter_depths_snipers, enter_trove_1, evilmike_ruin_ashenzari,
          uniq_louise, uniq_josephine
Temple:   dpeg_three_leaves_temple
Lair:1:   minmay_lair_oklob_bushes, minmay_hedge_maze,
          hangedman_lair_unloving_vines, lemuel_fruit_tree
Lair:2:   minmay_snake_entry_guardpost_small, serial_bayou,
          serial_bayou_lagoon_b, serial_bayou_shore_a, serial_bayou_pond_a,
          serial_bayou_shore_b
Lair:3:   nicolae_volcano_entry_s_turn
Lair:4:   swamp_mist_pool, uniq_nessos
Lair:5:   serial_bayou_pond_c, beast_lair_carwin_5, infiniplex_staircase_pool,
          grunt_megastairs_4, uniq_kirke
Lair:6:   guppyfry_lair_end_dragon, hangedman_lair_in_review, slime_altar_1,
          kennysheep_abandoned_house
Swamp:1:  evilmike_swamp_ruin_wall
Swamp:2:  evilmike_swamp_ruin_house_3
Swamp:3:  cheibrodos_swamp_heart_of_darkness, nicolae_swamp_dense_foliage,
          swamp_pool1, uniq_aizul
Swamp:4:  swamp
Snake:1:  serial_shops, shop, portal_ice_cave_entry_pillars_four
Snake:2:  serial_shops, nicolae_shop_statue_plus, serial_bayou_shore_b,
          minmay_shoptagon
Snake:4:  minmay_snake_end_coiled, basic_altar, uniq_vashnia
Slime:3:  cheibrodos_slime_lost_civilization_4
Slime:4:  cheibrodos_slime_lost_civilization_3, special_room
Orc:1:    serial_shops, shop_fountains, shop
Orc:2:    grunt_orc_gardens, grunt_orc_garden, grunt_orc_garden,
          grunt_orc_garden, grunt_orc_garden, uniq_maurice
Elf:1:    serial_co_window_serial, co_window_paths_b, co_window_corner_a,
          co_window_paths_b, co_window_paths_a, co_window_paths_a,
          co_window_corner_ca, co_window_cross_2, co_window_broadway_b,
          co_window_paths_d, glass_columns_a, glass_columns_a, glass_columns_c,
          minmay_elf_necromancy, uniq_asterion
Elf:2:    portal_desolation_entry_ruin
Elf:3:    minmay_elf_hall, st_stairs_9, dk_noncrumbling_4
Vaults:1: dpeg_vaults_monster_row, v_misc_23, vaults_room_grunt_arrival_ludios,
          nicolae_vaults_little_squares_4, vaults_room_stairs_pillars,
          hangedman_vaults_corner, v_misc_17, nicolae_vaults_diagonal_hallway_8,
          nicolae_vaults_display_case, nicolae_vaults_network_square, v_misc_32,
          nicolae_vaults_shelves_hall, vaults_mumra_minichess, v_alt_pattern_4
Vaults:2: v_misc_28, nicolae_vaults_triangles, ontoclasm_vaults_pinch,
          v_rooms_4, v_misc_14, hangedman_vaults_impose,
          nicolae_vaults_what_the_h, v_pattern_3, grunt_vaults_funnel,
          ontoclasm_vaults_claustrophobia, ontoclasm_vaults_shuriken,
          grunt_vaults_hallway_short, serial_shops, shop, uniq_sojobo
Vaults:3: nicolae_vaults_theta, minmay_crypt_entry_simple_sparse, v_misc_8,
          nicolae_vaults_alarming, hangedman_vaults_stagger,
          nicolae_vaults_know_your_exits, v_misc_33, vaults_room_stairs_pillars,
          nicolae_vaults_asterisk, ontoclasm_vaults_idyll,
          ontoclasm_vaults_ligature, nicolae_vaults_diagonal_hallway_7,
          basic_altar, serial_glass, serial_shops, shop, uniq_nikola
Vaults:4: vaults_dpeg_hooks, nicolae_vaults_circle_grid_a, vaults_room_pools,
          vaults_mumra_minichess_inversion, v_misc_8, v_misc_29,
          nicolae_vaults_asterisk, vaults_room_stairs_pillars,
          hangedman_vaults_nails
Vaults:5: uniq_jorgrun
Crypt:2:  hex_intersection, minivault_24, uniq_boris
Crypt:3:  lightli_unholy_cathedral, tomb_entry_sphere_bobbens
Depths:1: enter_ziggurat_f, lightli_too_deep, serial_shops,
          nicolae_shop_waterfront, hex_intersection, minivault_16,
          nicolae_blasting_shop, grunt_megastairs_3
Depths:2: minmay_quantized_circle, hell_entry, hangedman_abyss_entry_splay,
          minmay_staircase_windowed_small, minmay_misc_feat_plants,
          serial_bayou_pond_a, uniq_bai_suzhen
Depths:3: kennysheep_windowed_halls, grunt_hell_entry_dis_mu,
          rand_demon_pan_entry_7
Depths:4: minmay_containers, hell_entry, abyss_entry, kennysheep_cross_room,
          kennysheep_windowed_goal
Depths:5: evilmike_zot_entry_diamond, minivault_11, hell_entry, serial_shops,
          nicolae_shop_crystal, item_on_display_b, uniq_mennas, uniq_margery,
          uniq_saint_roka
Dis:1:    hangedman_dis_decor_blocks_crown
Dis:5:    hangedman_player_shredder
Dis:7:    dis_hangedman
Geh:1:    nicolae_geh_single_fiery_grave
Geh:6:    evilmike_ambush
Geh:7:    geh_grunt_pentagon
Zot:1:    nicolae_transmutations_shop
Zot:2:    lemuel_flame_loot_1
Abyss:2:  bh_abyss_exit_spiral, evilmike_abyss_exit_6,
          kilobyte_mutagenic_chamber, evilmike_abyss_exit_15
Abyss:3:  hangedman_abyss_rune_macabre_mess
Abyss:4:  guppyfry_abyss_exit_imp_island, evilmike_abyss_exit_16,
          evilmike_abyss_rune_tso_outpost, bh_abyss_exit_spiral
Lab:      labyrinth_mini_lab, labyrinth_skeletal_remains,
          nicolae_lab_very_dead_end, nicolae_lab_swirl,
          nicolae_lab_checkerboard, lab_fountain, nicolae_lab_starburst,
          nicolae_lab_plus
IceCv:    ice_cave_caverns_02
Volcano:  volcano_pools
